 Dungeon Crawl Stone Soup version 0.26.0-11-g8f856b5395 (webtiles) character file.

Game seed: 6519221390756696576

14724528 DocSulfur the Impregnable (level 27, 224/224 HPs)
             Began as a Demonspawn Gladiator on Jan 14, 2021.
             Was a High Priest of Jiyva.
             Escaped with the Orb
             ... and 15 runes on Jan 16, 2021!
             The game lasted 08:15:39 (107984 turns).

DocSulfur the Impregnable (Demonspawn Gladiator)  Turns: 107984, Time: 08:15:40

Health: 224/224    AC: 50    Str: 25    XL:     27
Magic:  44/44      EV: 15    Int: 15    God:    Jiyva [*****.]
Gold:   7427       SH: 43    Dex: 13    Spells: 49/70 levels left

rFire    + + .     SeeInvis .   b - +9 broad axe (vorpal)
rCold    + + .     Faith    .   V - +6 tower shield of the Devil's Advocate {rC- rN++ Dex+4}
rNeg     + + +     Spirit   .   Q - +9 scales of the Dragon King {rPois rF+ rC+ Will+}
rPois    +         Reflect  +   (helmet unavailable)
rElec    +         Harm     .   Z - +2 cloak {rCorr}
rCorr    +         Rampage  .   c - +5 pair of gloves of the Untouchables {rC+ Slay+2}
Will     +++..                  v - +2 pair of boots {run}
Stlth    ..........             n - amulet of reflection
HPRegen  0.47/turn              I - ring "Sacog" {Fire rElec Str-5 Int+2 Slay+5}
MPRegen  0.29/turn              B - ring of Xiot {rN+++ Int+4 Dex-4 Slay+5 Stlth-}

@: quick
A: beak, claws 1, hooves 1, horns 3, large bone plates 3, blink, cold resistance
2, low mp 1, powered by death 3, powered by pain 3, augmentation 3, jelly
absorbing missiles
0: Orb of Zot
}: 15/15 runes: decaying, slimy, silver, golden, iron, obsidian, icy, bone,
abyssal, demonic, glowing, magical, fiery, dark, gossamer
a: Blink, Renounce Religion, Request Jelly, Slimify, Cure Bad Mutation


You escaped.
You worshipped Jiyva.
Jiyva was extremely pleased with you.
You visited 18 branches of the dungeon, and saw 90 of its levels.
You visited Pandemonium 3 times, and saw 18 of its levels.
You visited the Abyss 3 times.
You visited 2 bazaars.
You visited 1 ziggurat, and saw 11 of its levels.

You collected 12372 gold pieces.
You spent 4945 gold pieces at shops.

Inventory:

Hand Weapons
 b - a +9 vorpal broad axe (weapon)
 D - the +7 war axe "Ogreslayer" {vorpal, rF- Will++ Str+4 SInv}
   (Okawaru gifted it to you on level 4 of the Lair of Beasts)

   It inflicts extra damage upon your enemies.
   It affects your strength (+4).
   It makes you vulnerable to fire.
   It affects your willpower, your defense against some magical effects.
   It lets you see invisible.
Missiles
 d - 11 throwing nets
 G - 18 curare-tipped darts
 L - 36 boomerangs of dispersal
 X - 33 silver javelins (quivered)
Armour
 c - the +5 pair of gloves of the Untouchables (worn) {rC+ Slay+2}
   (Okawaru gifted it to you on level 5 of the Lair of Beasts)

   It affects your accuracy and damage with ranged weapons and melee attacks
   (+2).
   It protects you from cold.
 f - a +2 robe of the Archmagi
 i - a +0 kite shield of fire resistance
 v - a +2 pair of boots of running (worn)
 Q - the +9 scales of the Dragon King (worn) {rPois rF+ rC+ Will+}
   (You bought it in a shop on level 3 of the Elven Halls)

   It protects you from fire.
   It protects you from cold.
   It protects you from poison.
   It affects your willpower, your defense against some magical effects.
 V - the +6 tower shield of the Devil's Advocate (worn) {rC- rN++ Dex+4}
   (You acquired it in Pandemonium)

   It affects your dexterity (+4).
   It makes you vulnerable to cold.
   It greatly protects you from negative energy.
 Z - a +2 cloak of preservation (worn)
Jewellery
 j - an uncursed ring of protection from fire
 l - the ring "Wejis" {Ice Will- Int+8 SInv}
   (You found it on level 3 of the Elven Halls)

   [ring of ice]

   It enhances your ice magic.
   It affects your intelligence (+8).
   It makes you vulnerable to fire.
   It protects you from cold.
   It affects your willpower, your defense against some magical effects.
   It lets you see invisible.
 n - an amulet of reflection (around neck)
 w - the ring "Karapyis" {Str+3 Int+4 Dex-2 Slay+4}
   (You acquired it on level 10 of the Dungeon)

   [ring of slaying]

   It affects your strength (+3).
   It affects your intelligence (+4).
   It affects your dexterity (-2).
   It affects your accuracy and damage with ranged weapons and melee attacks
   (+4).
 x - the ring "Adghaf" {rC+ Will+ Int+4 Dex-3 SInv}
   (You found it on level 9 of a ziggurat)

   [ring of see invisible]

   It affects your intelligence (+4).
   It affects your dexterity (-3).
   It protects you from cold.
   It affects your willpower, your defense against some magical effects.
   It lets you see invisible.
 y - an uncursed ring of see invisible
 B - the ring of Xiot (right hand) {rN+++ Int+4 Dex-4 Slay+5 Stlth-}
   (You found it on level 14 of the Dungeon)

   [ring of dexterity]

   It affects your intelligence (+4).
   It affects your dexterity (-4).
   It affects your accuracy and damage with ranged weapons and melee attacks
   (+5).
   It renders you almost immune to negative energy.
   It makes you less stealthy.
 F - the ring "Plog" {rC+ rN+ Dex+6}
   (You found it on level 7 of Cocytus)

   [ring of dexterity]

   It affects your dexterity (+6).
   It protects you from cold.
   It protects you from negative energy.
 I - the ring "Sacog" (left hand) {Fire rElec Str-5 Int+2 Slay+5}
   (You took it off a tengu reaver on level 3 of the Depths)

   [ring of fire]

   It enhances your fire magic.
   It affects your strength (-5).
   It affects your intelligence (+2).
   It affects your accuracy and damage with ranged weapons and melee attacks
   (+5).
   It protects you from fire.
   It makes you vulnerable to cold.
   It insulates you from electricity.
 P - the ring "Doty" {+Blink rF+ Will+, unknown}
   (You found it on level 3 of the Tomb of the Ancients)

   [ring of protection from fire]

   It protects you from fire.
   It affects your willpower, your defense against some magical effects.
   It lets you blink.
 R - an uncursed ring of flight
 S - the ring "Fapitim" {*Slow rElec rF+ Will+++ Stlth-}
   (You found it on level 9 of a ziggurat)

   [ring of protection from fire]

   It protects you from fire.
   It insulates you from electricity.
   It affects your willpower, your defense against some magical effects.
   It may slow you when you take damage.
   It makes you less stealthy.
 Y - the ring "Sijidaeb" {*Drain rF++ Str+2 Dex+6}
   (You found it on level 4 of the Spider Nest)

   [ring of dexterity]

   It affects your strength (+2).
   It affects your dexterity (+6).
   It greatly protects you from fire.
   It causes draining when unequipped.
Wands
 e - a wand of paralysis (37)
 r - a wand of digging (10)
 T - a wand of acid (43)
Scrolls
 a - 4 scrolls of holy word
 g - 21 scrolls of teleportation
 h - 4 scrolls of blinking
 k - a scroll of brand weapon
 q - 26 scrolls of remove curse
 s - 19 scrolls of identify
 t - a scroll of summoning
 u - 16 scrolls of amnesia
 K - 3 scrolls of enchant weapon
 M - 8 scrolls of fog
 N - 2 scrolls of magic mapping
 W - 14 scrolls of enchant armour
Potions
 m - 10 potions of lignification
 p - 16 potions of curing
 z - 5 potions of attraction
 A - 4 potions of resistance
 C - 6 potions of invisibility
 E - a potion of cancellation
 H - 3 potions of berserk rage
 O - 6 potions of ambrosia
Miscellaneous
 J - a figurine of a ziggurat
 U - a phantom mirror


   Skills:
 - Level 20.0 Fighting
 - Level 20.0 Axes
 - Level 16.0 Throwing
 - Level 25.0 Armour
 - Level 20.0 Dodging
 - Level 21.1 Shields
 - Level 22.1 Spellcasting
 * Level 22.1 Hexes
 - Level 22.8 Necromancy
 - Level 18.7 Transmutations
 * Level 21.2 Air Magic
 - Level 10.0 Invocations
 - Level 6.0 Evocations


You had 49 spell levels left.
You knew the following spells:

 Your Spells              Type           Power        Failure   Level
a - Necromutation         Tmut/Necr      54%          47%         8
b - Ignition              Fire           26%          100%        8
c - Silence               Hex/Air        55%          1%          5

Your spell library contained the following spells:

 Spells                   Type           Power        Failure   Level
 Animate Skeleton         Necr           100%         0%          1
 Corona                   Hex            100%         0%          1
 Pain                     Necr           100%         0%          1
 Corpse Rot               Necr/Air       N/A          0%          2
 Slow                     Hex            100%         0%          2
 Sublimation of Blood     Necr           56%          0%          2
 Swiftness                Air            100%         0%          2
 Confusing Touch          Hex            100%         0%          3
 Tukima's Dance           Hex            100%         0%          3
 Vampiric Draining        Necr           56%          0%          3
 Beastly Appendage        Tmut           100%         1%          1
 Shock                    Conj/Air       100%         1%          1
 Sting                    Tmut/Pois      100%         1%          1
 Ensorcelled Hibernation  Hex/Ice        100%         1%          2
 Passwall                 Tmut/Erth      65%          1%          2
 Poisonous Vapours        Pois/Air       100%         1%          2
 Wereblood                Tmut           100%         1%          2
 Dazzling Flash           Conj/Hex       100%         1%          3
 Inner Flame              Hex/Fire       100%         1%          3
 Portal Projectile        Hex/Tloc       100%         1%          3
 Static Discharge         Conj/Air       82%          1%          3
 Summon Guardian Golem    Hex/Summ       83%          1%          3
 Airstrike                Air            54%          1%          4
 Animate Dead             Necr           56%          1%          4
 Cause Fear               Hex            55%          1%          4
 Dispel Undead            Necr           100%         1%          4
 Agony                    Necr           100%         1%          5
 Blade Hands              Tmut           51%          1%          5
 Excruciating Wounds      Necr           56%          1%          5
 Yara's Violent Unravell  Hex/Tmut       53%          1%          5
 Invisibility             Hex            100%         1%          6
 Spider Form              Tmut/Pois      39%          2%          3
 Hydra Form               Tmut           51%          3%          6
 Fulminant Prism          Conj/Hex       41%          4%          4
 Leda's Liquefaction      Hex/Erth       41%          4%          4
 Summon Lightning Spire   Summ/Air       82%          5%          4
 Mephitic Cloud           Conj/Pois/Air  70%          7%          3
 Ice Form                 Ice/Tmut       78%          9%          4
 Petrify                  Tmut/Erth      78%          9%          4
 Ignite Poison            Fire/Tmut/Pois 86%          10%         3
 Borgnjor's Vile Clutch   Necr/Erth      42%          11%         5
 Metabolic Englaciation   Hex/Ice        41%          12%         5
 Summon Mana Viper        Hex/Summ       83%          12%         5
 Lightning Bolt           Conj/Air       41%          14%         5
 Dragon Form              Tmut           51%          16%         7
 Borgnjor's Revivificati  Necr           56%          22%         8
 Infestation              Necr           56%          22%         8
 Alistair's Intoxication  Tmut/Pois      52%          24%         5
 Irradiate                Conj/Tmut      39%          24%         5
 Discord                  Hex            55%          30%         8
 Apportation              Tloc           72%          38%         1
 Foxfire                  Conj/Fire      100%         38%         1
 Freeze                   Ice            100%         38%         1
 Magic Dart               Conj           100%         38%         1
 Sandblast                Erth           72%          38%         1
 Summon Small Mammal      Summ           100%         38%         1
 Simulacrum               Ice/Necr       42%          50%         6
 Blink                    Tloc           N/A          52%         2
 Call Imp                 Summ           36%          52%         2
 Searing Ray              Conj           72%          52%         2
 Conjure Ball Lightning   Conj/Air       41%          63%         6
 Call Canine Familiar     Summ           36%          77%         3
 Conjure Flame            Conj/Fire      53%          77%         3
 Frozen Ramparts          Ice            72%          77%         3
 Gell's Gravitas          Tloc           18%          77%         3
 Lesser Beckoning         Tloc           18%          77%         3
 Ozocubu's Armour         Ice            36%          77%         3
 Stone Arrow              Conj/Erth      72%          77%         3
 Teleport Other           Tloc           36%          77%         3
 Statue Form              Tmut/Erth      52%          80%         6
 Haunt                    Necr/Summ      42%          97%         7
 Freezing Cloud           Conj/Ice/Air   35%          98%         6
 Death's Door             Necr           56%          98%         9
 Hailstorm                Conj/Ice       36%          99%         4
 Iskenderun's Mystic Bla  Conj/Tloc      36%          99%         4
 Olgreb's Toxic Radiance  Pois           36%          99%         4
 Passage of Golubria      Tloc           N/A          99%         4
 Sticky Flame             Conj/Fire      53%          99%         4
 Summon Ice Beast         Ice/Summ       36%          99%         4
 Bolt of Magma            Conj/Fire/Erth 26%          100%        5
 Fireball                 Conj/Fire      26%          100%        5
 Lee's Rapid Deconstruct  Erth           18%          100%        5
 Dispersal                Tloc           18%          100%        6
 Ozocubu's Refrigeration  Ice            18%          100%        6
 Starburst                Conj/Fire      26%          100%        6
 Malign Gateway           Summ/Tloc      18%          100%        7
 Monstrous Menagerie      Summ           18%          100%        7
 Summon Greater Demon     Summ           18%          100%        7
 Summon Hydra             Summ           18%          100%        7
 Disjunction              Tloc           18%          100%        8
 Summon Horrible Things   Summ           18%          100%        8
 Dragon's Call            Summ           18%          100%        9
 Tornado                  Air            54%          100%        9


Dungeon Overview and Level Annotations

Branches:
Dungeon (15/15)            Temple (1/1) D:6            Lair (6/6) D:9
  Swamp (4/4) Lair:4       Spider (4/4) Lair:3        Slime (5/5) Lair:6
    Orc (2/2) D:11            Elf (3/3) Orc:2        Vaults (5/5) D:14
  Crypt (3/3) Vaults:3       Tomb (3/3) Crypt:3      Depths (5/5) D:15
   Hell (visited)             Dis (7/7) Hell            Geh (7/7) Hell
    Coc (7/7) Hell            Tar (7/7) Hell            Zot (5/5) Depths:5

Altars:
Ashenzari
Cheibriados
Dithmenos
Elyvilon
Fedhas
Gozag
Hepliaklqana
Kikubaaqudgha
Makhleb
Nemelex Xobeh
Okawaru
Qazlal
Ru
Sif Muna
Trog
Uskayaw
Vehumet
Wu Jian
Xom
Yredelemnul
Zin
The Shining One
Beogh
Jiyva
Lugonu

Shops:
D:4 }!*   D:8 }   D:10 ?   D:12 *   D:13 ?   Orc:2 }[!?[   Elf:1 [   Elf:2 [}(=
Elf:3 [(:!   Vaults:1 =   Vaults:3 *

Portals:
Hell: Depths:1 Depths:2 Depths:3 Depths:4 Depths:5
Abyss: Slime:2 Depths:4
Pandemonium: Depths:3
Trove: Elf:1 (give 6 scrolls of blinking)

Annotations:
Slime:5 Royal Jelly
Crypt:1 1 runed translucent door, Xenat's ghost, veteran MiGl


Innate Abilities, Weirdness & Mutations

You have a pair of large horns on your head.
You are completely covered in large bone plates. (SH +8)
You regenerate a lot of health from kills.
You are powered by pain.
Your magical and physical power is greatly enhanced at high health.
You have a beak for a mouth.
You have sharp fingernails.
You have large cloven feet.
You can translocate small distances at will.
Your flesh is very cold resistant. (rC++)
Your magical capacity is low. (-10% MP)
You have a small jelly attached to you that may absorb incoming projectiles.


Message History

There is a stone staircase leading down here.
There is a stone staircase leading up here.
There is a stone staircase leading up here.
You climb upwards.
HP restored.
There is a stone staircase leading down here.
You see here a +0 giant club.
There is a stone staircase leading up here.
You climb upwards.
There is a stone staircase leading down here.
There is a stone staircase leading up here.
You climb upwards.
There is a stone staircase leading down here.
You see here a ring mail.
There is a stone staircase leading up here.
You climb upwards.
There is a stone staircase leading down here.
There is an open door here.
You see here a +0 leather armour.
There is a staircase leading out of the dungeon here.
You have escaped!

..........##.#.###.#...........#.
..........................##...#.
....)....###############..##...#.
.....##'##.............##'######.
...###...(......⌠..........### #.
..##...⌠.................⌠...###.
.##........⌠.........⌠........##.
.#.........[...................##
.#...⌠..........@..........⌠...#
.#.............................##
.##........⌠.........⌠........##.
..##...⌠.................⌠...###.
...###..........⌠..........### #.
.....#####.............##### #.
.........#################### #.
....###..# #...# ## .#.......#
#...#


There were no monsters in sight!

Vanquished Creatures
  Cerebov (Pan)
  Asmodeus (Geh:7)
  Antaeus (Coc:7)
  9 pandemonium lords
  Ereshkigal (Tar:7)
  Gloorx Vloq (Pan)
  the Serpent of Hell (Tar:7)
  Lom Lobon (Pan)
  Mnoleg (Pan)
  Dispater (Dis:7)
  13 orbs of fire
  Mara (Crypt:1)
  Mennas (Tomb:1)
  11 ancient liches
  8 juggernauts
  Sojobo (Crypt:2)
  26 royal mummies
  Margery (Vaults:5)
  8 shard shrikes (Coc:7)
  3 Killer Klowns (Zot:5)
  Saint Roka (Crypt:2)
  2 curse toes
  Geryon (Hell)
  8 golden dragons
  The ghost of Dwachs the Warrior, an adept MiAK of Lugonu (Vaults:4)
  Jory (Vaults:5)
  15 bone dragons
  A profane servitor (Abyss:3)
  20 Tzitzimimeh
  17 Brimstone Fiends
  7 doom hounds
  5 electric golems
  A hellephant (Hell)
  7 iron giants
  The ghost of caaleb the Executioner, an adept HOGl of Makhleb (Spider:4)
  23 Ice Fiends
  19 tentacled monstrosities
  14 Hell Sentinels
  26 Orb Guardians
  7 deep elf master archers
  23 liches
  37 titans
  6 quicksilver dragons
  14 deep elf blademasters
  18 acid blobs
  6 tentacled starspawn
  Murray (Hell)
  Frances (Elf:1)
  25 Executioners
  14 ancient champions
  Agnes (Elf:1)
  Donald (Elf:1)
  10 sphinxes
  3 thorn hunters
  6 draconian monks
  9 death cobs
  3 revenants
  23 shadow dragons
  10 tengu reavers
  27 storm dragons
  9 azure jellies
  A fenstrider witch (Swamp:4)
  24 fire giants
  5 blood saints (Pan)
  The ghost of Lityrpha the Archer, a journeyman GnWn of Zin (D:14)
  10 ghost moths
  A daeva (Abyss:1)
  6 corrupters (Pan)
  16 vault wardens
  28 balrugs
  10 iron dragons
  6 draconian knights
  34 frost giants
  3 draconian scorchers
  An orc warlord (Orc:1)
  11 deep elf sorcerers
  16 cacodemons
  7 curse skulls
  Aizul (Swamp:1)
  8 emperor scorpions
  4 warmongers (Pan)
  4 ghouls
  6 draconian stormcallers
  3 draconian shifters
  4 draconian annihilators
  51 large abominations
  9 deep elf elementalists
  2 angels (Depths:3)
  17 war gargoyles
  4 spriggan defenders
  4 elemental wellsprings
  10 vampire knights
  66 reapers
  20 ironheart preservers
  43 stone giants
  52 very ugly things
  3 entropy weavers
  12 bennus
  8 deep elf demonologists
  15 green draconians
  Azrael (Elf:1)
  2 minotaurs
  14 deep elf annihilators
  8 lorocyprocas (Pan)
  11 black suns (Pan)
  10 purple draconians
  12 yellow draconians
  11 red draconians
  10 white draconians
  5 bunyips
  16 black draconians
  2 eidola (Crypt:1)
  13 spark wasps
  4 crystal guardians
  10 eleionomae
  7 merfolk javelineers
  12 deep elf death magi
  12 fire dragons
  18 ettins
  8 quicksilver dragon zombies
  3 merfolk impalers (Zig:10)
  31 mummy priests
  3 jiangshi (Crypt:1)
  2 death oozes
  13 green deaths
  9 deep elf high priests
  Josephine (Swamp:1)
  9 great orbs of eyes
  14 ogre magi
  17 blizzard demons
  A quicksilver dragon skeleton (Geh:2)
  33 vault guards
  26 yaktaur captains
  22 hydras
  A naga warrior (Vaults:4)
  A shambling mangrove (Swamp:3)
  Erolcha (Orc:1)
  Harold (D:7)
  2 rakshasas
  3 ghost crabs
  3 hell beasts (Pan)
  7 monstrous demonspawn (Pan)
  A merfolk avatar (Zig:3)
  33 ice dragons
  10 centaur warriors
  2 merfolk aquamancers (Zig:10)
  41 death scarabs
  7 death knights
  48 two-headed ogres
  An alligator snapping turtle (Zig:10)
  A catoblepas (Lair:5)
  9 boulder beetles
  5 spriggan air magi
  18 death yaks
  11 deep troll shamans
  6 alligators
  16 deep troll earth magi
  30 dancing weapons
  A satyr (Zig:8)
  10 tengu warriors
  9 thrashing horrors
  8 small abominations
  35 hell hogs
  9 vampire magi
  6 spriggan berserkers
  Sonja (Lair:6)
  4 orc high priests
  7 titan zombies
  42 sun demons
  5 titan skeletons
  37 deep elf knights
  10 iron trolls
  6 wretched stars
  45 soul eaters
  19 shadow wraiths
  50 hell knights
  7 storm dragon zombies
  17 iron golems
  98 skeletal warriors
  6 goliath frogs
  A sea snake (shapeshifter) (Vaults:2)
  A salamander mystic (Depths:2)
  32 deep trolls
  27 shadow demons
  6 storm dragon skeletons
  3 unseen horrors
  A death drake (Tar:5)
  A sea snake (Zig:3)
  22 sixfirhies
  15 flayed ghosts
  5 ghost moth zombies
  6 torturous demonspawn (Pan)
  5 golden dragon zombies
  6 glowing orange brains
  11 anaconda zombies
  11 swamp dragons
  The ghost of nojaa the Covert, a novice SpIE of Uskayaw (Lair:3)
  8 gelid demonspawn (Pan)
  5 spriggan druids
  4 shadow dragon zombies
  9 spatial maelstroms
  2 obsidian statues
  12 wizards
  An orange crystal statue (Zig:11)
  Pikel (D:5)
  3 golden dragon skeletons
  15 infernal demonspawn (Pan)
  13 ironbrand convokers
  15 bog bodies
  20 orc knights
  11 phantasmal warriors
  14 harpies
  A lindwurm (Lair:6)
  28 deep elf archers
  A shadow dragon skeleton (Geh:7)
  49 ugly things
  27 necromancers
  9 anaconda skeletons
  6 wolf spider zombies
  87 deep elf magi
  7 orc sorcerers
  16 orb spiders
  32 wolf spiders
  An oklob plant (D:7)
  10 cyclopes
  3 fire giant zombies
  A faun (Zig:8)
  3 salamanders (Depths:2)
  3 frost giant zombies
  9 shining eyes
  9 iron dragon zombies
  3 worldbinders
  3 stone giant zombies
  3 will-o-the-wisps
  7 manticores
  37 moths of wrath
  6 black mambas
  10 frost giant skeletons
  22 elephants
  5 fire giant skeletons
  3 iron dragon skeletons
  A shock serpent zombie (Dis:2)
  A water nymph (Zig:10)
  25 rust devils
  24 orange demons
  An apocalypse crab (Abyss:3)
  41 smoke demons
  21 molten gargoyles
  A gargoyle (D:10)
  2 cane toads (shapeshifter)
  7 stone giant skeletons
  A titan simulacrum (Hell)
  16 vault sentinels
  3 dire elephant skeletons
  4 torpor snails
  3 black mambas (shapeshifter)
  7 dire elephant zombies
  4 eyes of devastation
  52 hellions
  81 yaktaurs
  4 ice statues
  13 cane toads
  A komodo dragon (shapeshifter) (Vaults:1)
  An emperor scorpion zombie (Tar:3)
  A yaktaur (shapeshifter) (Vaults:2)
  4 kobold demonologists
  43 ice devils
  41 freezing wraiths
  A catoblepas zombie (Dis:1)
  5 efreet
  2 catoblepas skeletons
  23 demonic crawlers
  A death yak zombie (Crypt:2)
  8 rime drakes
  55 tormentors
  20 hellwings
  2 anaconda simulacra
  14 komodo dragons
  4 tengu conjurers
  13 hydra zombies
  3 ancient zymes
  4 harpy zombies
  3 meliai (D:13)
  33 jumping spiders
  46 guardian mummies
  9 tyrant leeches
  41 red devils
  2 silent spectres (Tar:6)
  12 trolls
  A polar bear (Lair:2)
  A black draconian skeleton (Crypt:1)
  5 harpy skeletons
  17 merfolk
  A meliai (shapeshifter) (Depths:4)
  A hornet (shapeshifter) (Vaults:4)
  25 hornets
  A bloated husk (Swamp:1)
  2 raiju
  11 fire dragon zombies
  118 slime creatures
  9 blink frogs
  Prince Ribbit (D:6)
  8 hydra skeletons
  8 alligator zombies
  9 ettin zombies
  6 ice dragon zombies
  2 stone giant simulacra
  A snapping turtle (Zig:10)
  3 fire dragon skeletons
  7 ettin skeletons
  30 shadows
  2 air elementals
  4 alligator skeletons
  A redback (shapeshifter) (Zot:2)
  63 redbacks
  26 spriggans
  A tarantella (shapeshifter) (D:14)
  9 water elementals
  6 ice dragon skeletons
  40 tarantellas
  39 wraiths
  33 ynoxinuls
  108 flying skulls
  43 fire elementals
  16 ushabtiu
  5 wyverns
  7 basilisks
  A basilisk (shapeshifter) (D:14)
  7 fire bats
  A steam dragon (Lair:6)
  2 black mamba skeletons
  46 yaks
  2 golden eyes (shapeshifter)
  28 neqoxecs
  23 vampire mosquitoes
  12 wargs
  26 chaos spawn
  Menkaure (D:7)
  2 merfolk zombies
  15 swamp worms
  10 spatial vortices (Abyss:4)
  A soldier ant (shapeshifter) (Vaults:2)
  2 acid dragons
  A glowing shapeshifter zombie (Crypt:1)
  A torturous demonspawn skeleton (Crypt:1)
  6 cane toad zombies
  A floating eye (Slime:2)
  A merfolk skeleton (Hell)
  11 water moccasins
  Duvessa (D:6)
  79 hell hounds
  A hydra simulacrum (Coc:1)
  A faun skeleton (Crypt:2)
  An alligator simulacrum (Coc:1)
  9 sky beasts
  7 cane toad skeletons
  3 snapping turtle zombies
  65 orc warriors
  9 swamp drakes (Swamp:4)
  An ice dragon simulacrum (Crypt:1)
  6 ice beasts
  An ice beast (shapeshifter) (D:14)
  33 necrophages
  7 eyes of draining
  11 boggarts
  7 phantoms
  2 swamp dragon zombies
  A black mamba simulacrum (Hell)
  An ettin simulacrum (Tomb:3)
  43 centaurs
  5 black bears
  33 ogres
  6 snapping turtle skeletons
  5 wolves (Lair:4)
  An elephant skeleton (Crypt:2)
  A swamp dragon skeleton (Geh:1)
  A yaktaur zombie (Zig:2)
  A big kobold (D:12)
  4 elf zombies
  14 bullfrogs
  2 earth elementals (Elf:3)
  2 gnoll sergeants
  A yaktaur skeleton (Crypt:1)
  2 cane toad simulacra
  A draconian skeleton (Crypt:2)
  An elf skeleton (Crypt:2)
  2 troll zombies
  5 scorpions
  Dowan (D:6)
  2 spriggan zombies
  A water moccasin skeleton (D:9)
  3 killer bees (D:8)
  83 wights
  5 electric eels
  3 howler monkeys
  A human simulacrum (Vaults:2)
  A howler monkey (shapeshifter) (D:14)
  8 crimson imps
  4 lava snakes (Lair:6)
  5 centaur zombies
  35 starcursed masses
  8 jellies
  2 bullfrog zombies
  2 human zombies
  27 orc priests
  A black bear skeleton (Crypt:2)
  3 bullfrog skeletons
  3 hounds
  4 quasits
  3 centaur skeletons
  28 orc wizards
  3 human skeletons
  21 iron imps
  4 iguanas
  Ijyb (D:5)
  A worker ant (shapeshifter) (D:14)
  9 worker ants
  18 hell rats
  A killer bee zombie (D:8)
  A tengu zombie (Coc:7)
  A felid zombie (Crypt:2)
  A deep dwarf zombie (Crypt:2)
  2 naga zombies
  A dwarf zombie (Crypt:1)
  2 naga skeletons
  A tengu skeleton (Crypt:1)
  2 ogre skeletons
  42 mummies
  15 gnolls
  A howler monkey skeleton (D:4)
  10 adders
  8 shadow imps
  9 white imps
  5 ufetubi
  An ooze (D:1)
  2 adder skeletons
  3 worms
  A barachi skeleton (Crypt:2)
  A dart slug (D:4)
  4 leopard geckos
  110 orcs
  4 ball pythons
  4 bats (D:1)
  8 giant cockroaches
  A gnoll zombie (Crypt:2)
  8 goblins
  4 hobgoblins
  6 jackals
  4 quokkas
  A ball python skeleton (Crypt:1)
  8 frilled lizards
  12 kobolds
  2 kobold skeletons
  A leopard gecko skeleton (D:5)
  An orc zombie (Tar:4)
  A quokka skeleton (D:4)
  9 rats
  A rat zombie (Crypt:1)
  5 briar patches (Swamp:4)
  2 bushes (Lair:6)
  2 butterflies (Lair:3)
  6 crawling corpses
  12 starspawn tentacles
5355 creatures vanquished.

Vanquished Creatures (collateral kills)
  A royal mummy (Tomb:1)
  A curse toe (Zot:4)
  A bone dragon (Coc:7)
  A Tzitzimitl (Tar:7)
  A Brimstone Fiend (Geh:7)
  3 Ice Fiends
  A quicksilver dragon (Dis:7)
  A warmonger (Pan)
  A storm dragon (Zot:1)
  2 balrugs
  2 reapers
  2 war gargoyles (Dis:7)
  A vampire knight (Tar:3)
  A mummy priest (Tomb:1)
  A monstrous demonspawn (Pan)
  An ice dragon (Coc:7)
  3 hell hogs
  A titan zombie (Geh:4)
  A skeletal warrior (Dis:5)
  A shadow wraith (Tar:7)
  A golden dragon zombie (Dis:7)
  A torturous demonspawn (Pan)
  A bog body (Coc:7)
  A frost giant zombie (Geh:7)
  A stone giant zombie (Geh:1)
  An iron dragon skeleton (Geh:1)
  3 smoke demons
  2 molten gargoyles
  A dire elephant skeleton (Geh:1)
  2 tormentors
  An ice devil (Coc:7)
  A guardian mummy (Tomb:1)
  A catoblepas zombie (Geh:4)
  5 red devils
  A fire dragon zombie (Geh:7)
  A flying skull (Dis:5)
  A shadow (Tar:6)
  A ynoxinul (Pan)
  An ettin skeleton (Geh:2)
  2 wraiths
  A black mamba skeleton (Geh:4)
  A neqoxec (Pan)
  A hell hound (Dis:7)
  A swamp dragon zombie (Dis:7)
  A necrophage (Geh:4)
  A crimson imp (Geh:2)
  A mummy (Dis:7)
63 creatures vanquished.

Vanquished Creatures (others)
  A hellephant (Pan)
  Asterion (Vaults:3)
  A deep elf blademaster (Elf:3)
  A tengu reaver (Crypt:2)
  A fire giant (Depths:4)
  A frost giant (Zot:2)
  A ghost moth (Zot:2)
  A ghoul (Crypt:2)
  An elemental wellspring (Coc:7)
  2 stone giants
  A very ugly thing (Depths:4)
  7 great orbs of eyes
  A bunyip (shapeshifter) (Abyss:3)
  2 lorocyprocas (Pan)
  An ettin (Depths:3)
  A purple draconian (Zot:2)
  A fire dragon (Depths:3)
  A green death (Pan)
  A deep elf high priest (Elf:3)
  A great orb of eyes (shapeshifter) (Abyss:3)
  An ice dragon (Depths:3)
  2 rakshasas
  An anaconda (shapeshifter) (Crypt:1)
  A two-headed ogre (shapeshifter) (Depths:5)
  2 glowing orange brains
  A large abomination (Elf:3)
  A spriggan berserker (Depths:3)
  2 hell hogs
  A soul eater (Crypt:2)
  2 sun demons
  A deep elf knight (Elf:2)
  A spatial maelstrom (Abyss:3)
  A deep troll (Depths:2)
  A shadow demon (Tar:7)
  A swamp dragon (Swamp:2)
  3 wizards (Pan)
  A necromancer (Depths:3)
  An orb spider (Spider:4)
  6 deep elf magi
  An orb spider (shapeshifter) (Vaults:5)
  A rust devil (Dis:5)
  4 smoke demons
  A guardian serpent (shapeshifter) (Abyss:3)
  A molten gargoyle (Geh:7)
  An orange demon (Pan)
  A hellwing (Pan)
  A harpy zombie (Geh:2)
  A red devil (Depths:2)
  4 bloated husks
  A troll (shapeshifter) (Vaults:5)
  A merfolk (Zig:10)
  9 slime creatures
  A polar bear (shapeshifter) (Depths:3)
  A dream sheep (shapeshifter) (Vaults:5)
  A spriggan (shapeshifter) (Abyss:3)
  3 flying skulls (Dis:1)
  2 shadows
  A wraith (Crypt:2)
  2 hogs (shapeshifter)
  2 tarantellas (Spider:3)
  A water elemental (Abyss:3)
  2 ynoxinuls (Pan)
  A yak (shapeshifter) (Vaults:5)
  A golden eye (shapeshifter) (Depths:3)
  An ushabti (Tomb:2)
  A golden eye (Abyss:1)
  A neqoxec (Abyss:2)
  2 chaos spawn
  A fire elemental (Geh:7)
  A spatial vortex (Abyss:3)
  A floating eye (shapeshifter) (Vaults:5)
  A hell hound (Geh:7)
  3 eyes of draining
  A cane toad skeleton (Hell)
  4 boggarts (Depths:2)
  An ogre (Vaults:4)
  A necrophage (Tar:6)
  An eye of draining (shapeshifter) (Depths:4)
  4 small abominations
  A big kobold (shapeshifter) (Depths:5)
  348 jellies
  A wight (Geh:2)
  An orc wizard (Vaults:1)
  A spriggan simulacrum (Abyss:3)
  2 mummies
  A scorpion zombie (Crypt:2)
  A shadow imp (Tar:7)
  2 white imps
  4 orcs
  5 ball lightnings (Pan)
  A bush (Lair:6)
  10 foxfires
  51 fungi
  A lurking horror (Slime:2)
  95 plants
  7 starspawn tentacles
  3 toadstools (Swamp:3)
662 creatures vanquished.

Grand Total: 6080 creatures vanquished

Notes
Turn   | Place    | Note
-------+----------+-------------------------------------------
     0 | D:1      | DocSulfur the Demonspawn Gladiator began the quest for the
                  | Orb.
     0 | D:1      | Reached XP level 1. HP: 16/16 MP: 1/1
   529 | D:1      | Gained mutation: You sometimes gain a little power by
                  | taking damage. [demonic ancestry]
   529 | D:1      | Reached XP level 2. HP: 16/22 MP: 2/2
   714 | D:1      | Reached skill level 1 in Shields
  1111 | D:2      | Reached XP level 3. HP: 27/27 MP: 3/3
  1123 | D:2      | Found a broken altar of Ashenzari.
  1491 | D:2      | Reached XP level 4. HP: 26/33 MP: 4/4
  1713 | D:2      | Found a sparkling altar of Nemelex Xobeh.
  2142 | D:3      | Found an iron altar of Okawaru.
  2153 | D:3      | Became a worshipper of Warmaster Okawaru
  2576 | D:3      | Found a faded altar of an unknown god.
  2628 | D:3      | Gained mutation: You sometimes gain power by taking damage.
                  | [demonic ancestry]
  2628 | D:3      | Reached XP level 5. HP: 38/38 MP: 5/5
  2828 | D:4      | Found Hisue's Distillery.
  2866 | D:4      | Bought a potion of attraction for 39 gold pieces
  2942 | D:4      | Found a snail-covered altar of Cheibriados.
  2961 | D:4      | Found Iriqufepn's General Store.
  2976 | D:4      | Found Curphico's Gadget Emporium.
  3226 | D:4      | Noticed an orc warrior
  3230 | D:4      | Noticed a centaur
  3230 | D:4      | an orc warrior changed into a centaur
  3242 | D:4      | Killed a centaur
  3243 | D:4      | Gained mutation: You are partially covered in large bone
                  | plates. (SH +4) [demonic ancestry]
  3243 | D:4      | Reached XP level 6. HP: 31/44 MP: 6/6
  3284 | D:4      | Reached * piety under Okawaru
  3711 | D:4      | Gained mutation: You regenerate a little health from kills.
                  | [demonic ancestry]
  3711 | D:4      | Reached XP level 7. HP: 50/50 MP: 7/7
  3798 | D:4      | Reached skill level 5 in Axes
  4114 | D:5      | Entered Level 5 of the Dungeon
  4179 | D:5      | Noticed Pikel
  4209 | D:5      | Killed Pikel
  4209 | D:5      | Reached ** piety under Okawaru
  4210 | D:5      | Reached skill level 5 in Throwing
  4210 | D:5      | Gained mutation: You are mostly covered in large bone
                  | plates. (SH +6) [demonic ancestry]
  4210 | D:5      | Reached XP level 8. HP: 52/56 MP: 8/8
  4267 | D:5      | Reached *** piety under Okawaru
  4474 | D:5      | Noticed Ijyb
  4477 | D:5      | Killed Ijyb
  4797 | D:6      | Found a staircase to the Ecumenical Temple.
  5108 | D:6      | Received a gift from Okawaru
  5109 | D:6      | Noticed Prince Ribbit
  5122 | D:6      | Killed Prince Ribbit
  5123 | D:6      | Reached XP level 9. HP: 49/61 MP: 9/9
  5592 | D:6      | Noticed Duvessa
  5593 | D:6      | Noticed Dowan
  5605 | D:6      | Killed Dowan
  5606 | D:6      | Killed Duvessa
  5848 | D:6      | Found a burning altar of Makhleb.
  5919 | D:6      | Got a fine war axe
  5919 | D:6      | Identified the +9 war axe "Xomnarr" {pain, Dex+6} (You
                  | found it on level 6 of the Dungeon)
  5969 | Temple   | Entered the Ecumenical Temple
  6223 | D:7      | Noticed Menkaure
  6224 | D:7      | Found a basalt altar of Yredelemnul.
  6224 | D:7      | Noticed an oklob plant
  6234 | D:7      | Killed Menkaure
  6234 | D:7      | Received a gift from Okawaru
  6235 | D:7      | Reached skill level 1 in Necromancy
  6586 | D:7      | Noticed Harold
  6603 | D:7      | Killed Harold
  6603 | D:7      | Reached **** piety under Okawaru
  7018 | D:7      | Found a glowing silver altar of Zin.
  7020 | D:7      | Noticed an angel
  7024 | D:7      | Found a shimmering altar of Xom.
  7302 | D:8      | Gained mutation: You are powered by pain. [demonic
                  | ancestry]
  7302 | D:8      | Reached XP level 10. HP: 67/67 MP: 10/10
  7433 | D:8      | Found Oxtuj's Gadget Shoppe.
  7544 | D:8      | Reached skill level 5 in Necromancy
  7911 | D:8      | Found a blossoming altar of Fedhas.
  8224 | D:9      | Found a sacrificial altar of Ru.
  8224 | D:9      | Found a glowing golden altar of the Shining One.
  8228 | D:9      | Found a bloodstained altar of Trog.
  8228 | D:9      | Found a radiant altar of Vehumet.
  8266 | D:9      | Found an opulent altar of Gozag.
  8299 | D:9      | Found a staircase to the Lair.
  8452 | D:9      | Reached skill level 10 in Axes
  8797 | D:9      | Received a gift from Okawaru
  8839 | D:10     | Entered Level 10 of the Dungeon
  8839 | D:10     | Noticed a gargoyle
  8846 | D:10     | Killed a gargoyle
  9024 | D:10     | Reached ***** piety under Okawaru
  9099 | D:10     | Found Qoomegus's Magic Scroll Boutique.
  9360 | D:11     | Found a staircase to the Orcish Mines.
  9467 | D:11     | Found a flickering gateway to a bazaar.
  9488 | Bazaar   | Entered a bazaar
  9493 | Bazaar   | Found Baliunus's Assorted Antiques.
  9522 | Bazaar   | Found Inaemuwa's Jewellery Boutique.
  9577 | Bazaar   | Found Orghetaar's Distillery.
  9577 | Bazaar   | Found Ofioblu's Magic Scroll Shop.
  9591 | Bazaar   | Bought 2 scrolls of blinking for 135 gold pieces
  9591 | Bazaar   | Bought a scroll of brand weapon for 180 gold pieces
  9591 | Bazaar   | Bought a scroll of enchant weapon for 67 gold pieces
  9591 | Bazaar   | Bought 2 scrolls of enchant weapon for 135 gold pieces
  9614 | Bazaar   | Bought a potion of mutation for 88 gold pieces
  9699 | D:11     | Received a gift from Okawaru
  9715 | D:11     | Got a pair of masterwork gloves {god gift}
  9720 | D:11     | Identified the +0 pair of gloves of Grot {rF+ rC- Dex+2}
                  | (Okawaru gifted it to you on level 11 of the Dungeon)
  9793 | D:11     | Reached XP level 11. HP: 68/72 MP: 11/11
  9896 | D:11     | Found a roughly hewn altar of Beogh.
 10404 | D:12     | Noticed a four-headed hydra
 10422 | D:12     | Killed a seven-headed hydra
 10699 | D:12     | Noticed an eight-headed hydra
 10722 | D:12     | Killed an eight-headed hydra
 10776 | D:12     | Found Fageehy's Elemental Accessories.
 10796 | D:12     | Noticed a sun demon
 11015 | D:12     | Noticed a purple ugly thing
 11041 | D:12     | Killed a purple ugly thing
 11042 | D:12     | Reached skill level 1 in Armour
 11385 | D:13     | Received a gift from Okawaru
 11407 | D:13     | Noticed a two-headed ogre
 11418 | D:13     | Killed a two-headed ogre
 11419 | D:13     | Reached skill level 2 in Armour
 11615 | D:13     | Reached XP level 12. HP: 74/83 MP: 12/12
 11685 | D:13     | Reached skill level 3 in Armour
 11786 | D:13     | Noticed a two-headed ogre
 11797 | D:13     | Killed a two-headed ogre
 11797 | D:13     | Received a gift from Okawaru
 11818 | D:13     | Noticed a boulder beetle
 11846 | D:13     | Killed a boulder beetle
 11955 | D:13     | Found Ceytioj's Magic Scroll Emporium.
 11961 | D:13     | Bought a scroll of magic mapping for 38 gold pieces
 12075 | D:13     | Noticed a boulder beetle
 12095 | D:13     | Killed a boulder beetle
 12095 | D:13     | Received a gift from Okawaru
 12100 | D:13     | Got a distressingly furry ring mail {god gift}
 12110 | D:13     | Identified the +4 ring mail "Puylaloi" {Regen+ rCorr Str+3
                  | Stlth+} (Okawaru gifted it to you on level 13 of the
                  | Dungeon)
 12248 | D:13     | Reached skill level 5 in Fighting
 12248 | D:13     | Reached skill level 4 in Armour
 12894 | Lair:1   | Entered Level 1 of the Lair of Beasts
 13043 | Lair:1   | Noticed an eight-headed hydra
 13054 | Lair:1   | Killed a six-headed hydra
 13665 | Lair:1   | Reached skill level 5 in Armour
 13728 | Lair:1   | Reached skill level 5 in Dodging
 13795 | Lair:1   | Identified a +1 pair of boots of running (You found it on
                  | level 1 of the Lair of Beasts)
 14179 | Lair:2   | Noticed a five-headed hydra
 14196 | Lair:2   | Killed a one-headed hydra
 14204 | Lair:2   | Reached ****** piety under Okawaru
 14544 | Lair:2   | Noticed a death yak
 14546 | Lair:2   | Noticed a death yak
 14546 | Lair:2   | Noticed a death yak
 14547 | Lair:2   | Noticed a death yak
 14552 | Lair:2   | Noticed a death yak
 14554 | Lair:2   | Noticed a death yak
 14561 | Lair:2   | Killed a death yak
 14561 | Lair:2   | Received a gift from Okawaru
 14562 | Lair:2   | Gained mutation: You have a pair of small horns on your
                  | head. [demonic ancestry]
 14562 | Lair:2   | Reached XP level 13. HP: 59/95 MP: 13/13
 14634 | Lair:2   | Reached skill level 6 in Armour
 15448 | Lair:3   | Noticed nojaa's ghost (novice SpIE)
 15450 | Lair:3   | Identified the cursed +2 spear "Adi Rumo" {vorpal, rElec
                  | Dex+4 SInv}
 15456 | Lair:3   | Found a transporter.
 15459 | Lair:3   | Found a bloodstained altar of Trog.
 15469 | Lair:3   | Found a transporter.
 15674 | Lair:3   | Found a hole to the Spider Nest.
 15911 | Lair:3   | Identified 2 scrolls of acquirement
 15913 | Lair:3   | Acquired a manual of Armour
 15914 | Lair:3   | Acquired 1102 gold pieces
 16491 | Lair:3   | Reached skill level 7 in Armour
 16705 | Lair:4   | Received a gift from Okawaru
 16716 | Lair:4   | Got a scorched war axe {god gift}
 16716 | Lair:4   | Identified the +7 war axe "Ogreslayer" {vorpal, rF- Will++
                  | Str+4 SInv} (Okawaru gifted it to you on level 4 of the
                  | Lair of Beasts)
 17188 | Lair:4   | Found a staircase to the Swamp.
 17609 | Lair:5   | Reached skill level 10 in Necromancy
 17651 | Lair:4   | Reached skill level 8 in Armour
 17867 | Lair:5   | Gained mutation: You have a pair of horns on your head.
                  | [demonic ancestry]
 17867 | Lair:5   | Reached XP level 14. HP: 84/106 MP: 14/14
 17875 | Lair:5   | Received a gift from Okawaru
 17885 | Lair:5   | Got a pair of warped gloves {god gift}
 17895 | Lair:5   | Identified the +5 pair of gloves of the Untouchables {rC+
                  | Slay+2} (Okawaru gifted it to you on level 5 of the Lair of
                  | Beasts)
 17991 | Lair:5   | Reached skill level 9 in Armour
 18559 | Lair:6   | Entered Level 6 of the Lair of Beasts
 18603 | Lair:6   | Found a viscous altar of Jiyva.
 18603 | Lair:6   | Found a staircase to the Slime Pits.
 18612 | Lair:6   | Reached skill level 10 in Armour
 18866 | Lair:6   | Reached skill level 10 in Fighting
 18915 | Lair:6   | Reached skill level 11 in Armour
 18961 | Lair:6   | Received a gift from Okawaru
 18969 | Lair:6   | Got a steaming broad axe {god gift}
 18969 | Lair:6   | Identified the +8 broad axe of Qafumiu {flame, Str-4 Int+2
                  | Dex+5 Stlth+} (Okawaru gifted it to you on level 6 of the
                  | Lair of Beasts)
 19182 | Lair:6   | Found a large runed translucent door.
 19203 | Lair:6   | Found a large runed translucent door.
 19421 | Lair:6   | Noticed Sonja
 19436 | Lair:6   | Killed Sonja
 19519 | Lair:6   | Reached skill level 12 in Armour
 19588 | Lair:6   | Reached skill level 10 in Dodging
 19675 | Lair:6   | Received a gift from Okawaru
 19681 | Lair:6   | Got a fine hat {god gift}
 19686 | Lair:6   | Identified the +0 hat "Zumotic" {Stlth+} (Okawaru gifted it
                  | to you on level 6 of the Lair of Beasts)
 20225 | Lair:3   | Killed nojaa's ghost
 20233 | Lair:3   | Reached XP level 15. HP: 113/115 MP: 15/15
 21022 | D:14     | Found a gate to the Vaults.
 21029 | D:14     | Reached skill level 13 in Armour
 21093 | D:14     | Got a fading plate armour
 21103 | D:14     | Identified the cursed +0 plate armour of Analysis {Int+2
                  | Dex+2} (You found it on level 14 of the Dungeon)
 21176 | D:14     | Found a runed translucent gate.
 21176 | D:14     | Found a runed translucent gate.
 21176 | D:14     | Found a runed translucent gate.
 21375 | D:14     | Found a glowing silver altar of Zin.
 21565 | D:14     | Reached skill level 5 in Invocations
 21598 | D:14     | Found a runed translucent gate.
 21598 | D:14     | Found a runed translucent gate.
 21602 | D:14     | Found a runed translucent gate.
 21602 | D:14     | Noticed Lityrpha's ghost (journeyman GnWn)
 21791 | D:14     | Received a gift from Okawaru
 21801 | D:14     | Got a scintillating ivory ring
 21810 | D:14     | Identified the cursed ring of Xiot {rN+++ Int+4 Dex-4
                  | Slay+5 Stlth-} (You found it on level 14 of the Dungeon)
 21903 | D:14     | Killed Lityrpha's ghost
 21993 | D:14     | Gained mutation: Armour fits poorly on your strangely
                  | shaped body. [mutagenic glow]
 22014 | D:14     | Gained mutation: Your body sometimes deteriorates upon
                  | taking damage. [mutagenic glow]
 22046 | D:14     | Lost mutation: Armour fits poorly on your strangely shaped
                  | body. [potion of mutation]
 22046 | D:14     | Lost mutation: Your body sometimes deteriorates upon taking
                  | damage. [potion of mutation]
 22046 | D:14     | Gained mutation: You are somewhat resistant to further
                  | mutation. [potion of mutation]
 22049 | D:14     | Lost mutation: You are somewhat resistant to further
                  | mutation. [potion of mutation]
 22049 | D:14     | Gained mutation: You expend magic power (3 MP) to
                  | strengthen your wands. [potion of mutation]
 22049 | D:14     | Gained mutation: Your skin changes colour to match your
                  | surroundings (Stealth+). [potion of mutation]
 22049 | D:14     | Gained mutation: You have a pair of large horns on your
                  | head. [potion of mutation]
 22104 | D:15     | Entered Level 15 of the Dungeon
 22500 | D:15     | Received a gift from Okawaru
 22501 | D:15     | Reached skill level 10 in Invocations
 22555 | D:15     | Found a staircase to the Depths.
 22555 | D:15     | Noticed a fire giant
 23531 | D:15     | Killed a fire giant
 23670 | Orc:1    | Entered Level 1 of the Orcish Mines
 23685 | Orc:1    | Noticed Erolcha
 23693 | Orc:1    | Killed Erolcha
 23719 | Orc:1    | Found a roughly hewn altar of Beogh.
 23774 | Orc:1    | Noticed an orc warlord
 23791 | Orc:1    | Killed an orc warlord
 23792 | Orc:1    | Reached skill level 5 in Shields
 23810 | Orc:1    | Found a roughly hewn altar of Beogh.
 24323 | Orc:2    | Entered Level 2 of the Orcish Mines
 24484 | Orc:2    | Found a staircase to the Elven Halls.
 24608 | Orc:2    | Found Yrghue Irey's Armour Emporium.
 24617 | Orc:2    | Reached XP level 16. HP: 122/122 MP: 23/23
 24864 | Orc:2    | Found a roughly hewn altar of Beogh.
 24922 | Orc:2    | Found Faikyggi's Gadget Emporium.
 24944 | Orc:2    | Found Toulur's Armour Shop.
 25156 | Orc:2    | Found Ikliti Maov's Distillery.
 25171 | Orc:2    | Reached skill level 14 in Armour
 25190 | Orc:2    | Found Wuha's Magic Scroll Shop.
 25498 | Orc:2    | Bought a potion of mutation for 80 gold pieces
 25498 | Orc:2    | Bought a potion of curing for 30 gold pieces
 25498 | Orc:2    | Bought a potion of mutation for 80 gold pieces
 25716 | D:10     | Bought a scroll of acquirement for 676 gold pieces
 25716 | D:10     | Acquired the ring "Karapyis" {Str+3 Int+4 Dex-2 Slay+4}
 25928 | Spider:1 | Entered Level 1 of the Spider Nest
 25974 | Spider:1 | Received a gift from Okawaru
 26109 | Spider:1 | Received a gift from Okawaru
 27330 | Spider:3 | Received a gift from Okawaru
 27716 | Spider:3 | Reached skill level 15 in Axes
 28076 | Spider:4 | Entered Level 4 of the Spider Nest
 28153 | Spider:4 | Reached skill level 10 in Shields
 28199 | Spider:4 | Found a transporter.
 28200 | Spider:4 | Noticed caaleb's ghost (adept HOGl)
 28217 | Spider:4 | Found a transporter.
 28246 | Spider:4 | Received a gift from Okawaru
 28513 | Spider:4 | Gained mutation: You are completely covered in large bone
                  | plates. (SH +8) [demonic ancestry]
 28513 | Spider:4 | Reached XP level 17. HP: 101/128 MP: 24/24
 28788 | Spider:4 | Received a gift from Okawaru
 28891 | Spider:4 | Received a gift from Okawaru
 29001 | Spider:4 | Received a gift from Okawaru
 29049 | Spider:4 | Got a gossamer rune of Zot
 29067 | Spider:4 | Got a scorched ring mail {god gift}
 29077 | Spider:4 | Identified the +4 ring mail of Hygyhe {+Inv rPois rC-
                  | Int+7} (Okawaru gifted it to you on level 4 of the Spider
                  | Nest)
 29451 | Spider:4 | Got a translucent wooden ring
 29474 | Spider:4 | Identified the ring "Sijidaeb" {*Drain rF++ Str+2 Dex+6}
                  | (You found it on level 4 of the Spider Nest)
 30121 | Swamp:1  | Entered Level 1 of the Swamp
 30122 | Swamp:1  | Noticed Josephine
 30132 | Swamp:1  | Killed Josephine
 30678 | Swamp:1  | Got a faintly humming ring mail
 30688 | Swamp:1  | Identified the +1 ring mail of Guwub {Rampage rElec} (You
                  | found it on level 1 of the Swamp)
 30721 | Swamp:1  | Noticed Aizul
 30738 | Swamp:1  | Killed Aizul
 32497 | Swamp:3  | Received a gift from Okawaru
 32744 | Swamp:3  | Mutation became permanent: You have a pair of horns on your
                  | head. [demonic ancestry]
 32744 | Swamp:3  | Gained mutation: You have a pair of large horns on your
                  | head. [demonic ancestry]
 32744 | Swamp:3  | Reached XP level 18. HP: 129/134 MP: 25/25
 32991 | Swamp:3  | Found an opulent altar of Gozag.
 33092 | Swamp:4  | Entered Level 4 of the Swamp
 33536 | Swamp:4  | Reached skill level 15 in Shields
 33580 | Swamp:4  | Received a gift from Okawaru
 33768 | Swamp:4  | Received a gift from Okawaru
 34036 | Swamp:4  | Got a decaying rune of Zot
 34398 | Swamp:4  | Lost mutation: Your skin changes colour to match your
                  | surroundings (Stealth+). [potion of mutation]
 34398 | Swamp:4  | Lost mutation: You expend magic power (3 MP) to strengthen
                  | your wands. [potion of mutation]
 34398 | Swamp:4  | Gained mutation: Your muscles are strong. (Str +2) [potion
                  | of mutation]
 34398 | Swamp:4  | Gained mutation: You are occasionally teleported next to
                  | monsters. [potion of mutation]
 34398 | Swamp:4  | Gained mutation: Your mind is acute. (Int +2) [potion of
                  | mutation]
 34398 | Swamp:4  | Gained mutation: You evolve. [potion of mutation]
 34399 | Swamp:4  | Lost mutation: Your mind is acute. (Int +2) [potion of
                  | mutation]
 34399 | Swamp:4  | Lost mutation: You evolve. [potion of mutation]
 34399 | Swamp:4  | Lost mutation: Your muscles are strong. (Str +2) [potion of
                  | mutation]
 34399 | Swamp:4  | Gained mutation: Your body sometimes deteriorates upon
                  | taking damage. [potion of mutation]
 34399 | Swamp:4  | Gained mutation: Your muscles are strong. (Str +2) [potion
                  | of mutation]
 34400 | Swamp:4  | Lost mutation: Your muscles are strong. (Str +2) [potion of
                  | mutation]
 34400 | Swamp:4  | Lost mutation: Your body sometimes deteriorates upon taking
                  | damage. [potion of mutation]
 34400 | Swamp:4  | Lost mutation: You are occasionally teleported next to
                  | monsters. [potion of mutation]
 34400 | Swamp:4  | Gained mutation: Your natural rate of healing is unusually
                  | fast. [potion of mutation]
 34400 | Swamp:4  | Gained mutation: You are somewhat resistant to further
                  | mutation. [potion of mutation]
 34401 | Swamp:4  | Lost mutation: You are somewhat resistant to further
                  | mutation. [potion of mutation]
 34401 | Swamp:4  | Lost mutation: Your natural rate of healing is unusually
                  | fast. [potion of mutation]
 34401 | Swamp:4  | Gained mutation: Your spells are a little harder to cast,
                  | but a little more powerful. [potion of mutation]
 34401 | Swamp:4  | Gained mutation: Your body sometimes deteriorates upon
                  | taking damage. [potion of mutation]
 34401 | Swamp:4  | Gained mutation: Your muscles are strong. (Str +2) [potion
                  | of mutation]
 34401 | Swamp:4  | Gained mutation: You have large cloven feet. [potion of
                  | mutation]
 34825 | D:4      | Bought 2 potions of curing for 78 gold pieces
 34825 | D:4      | Bought a potion of heal wounds for 65 gold pieces
 34874 | D:4      | Bought a scroll of blinking for 75 gold pieces
 35043 | Vaults:1 | Entered Level 1 of the Vaults
 35060 | Vaults:1 | Reached skill level 1 in Evocations
 35240 | Vaults:1 | Found Kups's Jewellery Emporium.
 35491 | Vaults:1 | Paralysed by an ogre mage for 3 turns
 35676 | Vaults:1 | Reached skill level 5 in Evocations
 35927 | Vaults:1 | Received a gift from Okawaru
 36019 | Vaults:1 | Reached XP level 19. HP: 142/142 MP: 26/26
 36899 | Vaults:2 | Received a gift from Okawaru
 36931 | Vaults:2 | Received a gift from Okawaru
 37191 | Vaults:2 | Received a gift from Okawaru
 37776 | Vaults:3 | Noticed Asterion
 37794 | Vaults:3 | Received a gift from Okawaru
 37795 | Vaults:3 | Killed Asterion
 38148 | Vaults:3 | Got a pair of crude boots {god gift}
 38158 | Vaults:3 | Identified the +2 pair of boots of the Louse {-Tele Dex+2
                  | SInv} (Okawaru gifted it to you on level 3 of the Vaults)
 38283 | Vaults:3 | Gained mutation: Your magical and physical power is
                  | slightly enhanced at high health. [demonic ancestry]
 38283 | Vaults:3 | Reached XP level 20. HP: 122/150 MP: 27/27
 38624 | Vaults:3 | Found a staircase to the Crypt.
 38878 | Vaults:3 | Found Ruireic's Assorted Antiques.
 39263 | Vaults:3 | Received a gift from Okawaru
 39537 | Vaults:4 | Found a shimmering altar of Xom.
 39587 | Vaults:4 | Reached skill level 15 in Fighting
 40005 | Vaults:4 | Received a gift from Okawaru
 40251 | Vaults:4 | Received a gift from Okawaru
 40554 | Vaults:4 | Found a runed translucent gate.
 40554 | Vaults:4 | Found a runed translucent gate.
 40554 | Vaults:4 | Found a runed translucent gate.
 40554 | Vaults:4 | Noticed Dwachs's ghost (adept MiAK)
 40574 | Vaults:4 | Reached skill level 10 in Throwing
 40611 | Vaults:4 | Gained mutation: Your magical and physical power is
                  | enhanced at high health. [demonic ancestry]
 40611 | Vaults:4 | Reached XP level 21. HP: 154/170 MP: 28/28
 41036 | Vaults:4 | Found an iron altar of Okawaru.
 41379 | Vaults:4 | Killed Dwachs's ghost
 41379 | Vaults:4 | Received a gift from Okawaru
 42041 | Slime:1  | Entered Level 1 of the Pits of Slime
 42226 | Slime:1  | Received a gift from Okawaru
 42265 | Slime:1  | Reached skill level 15 in Armour
 42644 | Slime:2  | Found a corrupted altar of Lugonu.
 42645 | Slime:2  | Found a one-way gate to the infinite horrors of the Abyss.
 42904 | Slime:2  | Gained mutation: Potions are less effective at restoring
                  | your health. [a shining eye]
 42905 | Slime:2  | Gained mutation: Your body often deteriorates upon taking
                  | damage. [a shining eye]
 43000 | Slime:2  | Lost mutation: Your spells are a little harder to cast, but
                  | a little more powerful. [a shining eye]
 43006 | Slime:2  | Received a gift from Okawaru
 43007 | Slime:2  | Reached skill level 16 in Armour
 43044 | Slime:2  | Paralysed by a floating eye for 4 turns
 44021 | Slime:2  | Received a gift from Okawaru
 44182 | Slime:4  | Reached skill level 17 in Armour
 44842 | Slime:5  | Entered Level 5 of the Pits of Slime
 45001 | Slime:5  | Gained mutation: You regenerate health from kills. [demonic
                  | ancestry]
 45001 | Slime:5  | Reached XP level 22. HP: 159/178 MP: 29/29
 45029 | Slime:5  | Reached skill level 18 in Armour
 45187 | Slime:5  | Noticed the Royal Jelly
 45247 | Slime:5  | Found a viscous altar of Jiyva.
 46395 | D:13     | Received a gift from Okawaru
 50232 | Spider:4 | Killed caaleb's ghost
 50515 | Lair:6   | Fell from the grace of Okawaru
 50515 | Lair:6   | Became a worshipper of Jiyva Jupal the Shapeless
 51082 | Elf:1    | Entered Level 1 of the Elven Halls
 51085 | Elf:1    | Noticed Azrael
 51098 | Elf:1    | Killed Azrael
 51306 | Elf:1    | Found Cuamm's Antique Armour Boutique.
 51347 | Elf:1    | Noticed Donald
 51360 | Elf:1    | Killed Donald
 51401 | Elf:1    | Noticed Agnes
 51409 | Elf:1    | Killed Agnes
 51460 | Elf:1    | Found a portal to a secret trove of treasure.
 51932 | Elf:1    | Reached * piety under Jiyva
 52038 | Elf:1    | Reached ** piety under Jiyva
 52080 | Elf:1    | Reached *** piety under Jiyva
 52199 | Orc:2    | Gained mutation: You are somewhat resistant to further
                  | mutation. [Jiyva's grace]
 52203 | Orc:2    | Reached **** piety under Jiyva
 52206 | Orc:2    | Gained mutation: Your spells are a little harder to cast,
                  | but a little more powerful. [Jiyva's grace]
 52221 | Orc:2    | Gained mutation: Your rubbery body absorbs attacks. (AC +1,
                  | EV +1) [Jiyva's grace]
 52256 | Orc:2    | Reached ***** piety under Jiyva
 52264 | Orc:2    | Lost mutation: Your muscles are strong. (Str +2) [Jiyva's
                  | grace]
 52288 | Orc:2    | Gained mutation: Your spells are harder to cast, but more
                  | powerful. [Jiyva's grace]
 52298 | Orc:2    | Gained mutation: You are covered in slimy tendrils that may
                  | disarm your opponents. [Jiyva's grace]
 52298 | Orc:2    | Reached ****** piety under Jiyva
 52405 | Orc:1    | Gained mutation: Your spells are much harder to cast, but
                  | much more powerful. [Jiyva's grace]
 52459 | Orc:1    | Lost mutation: Potions are less effective at restoring your
                  | health. [Jiyva's power]
 52500 | Orc:1    | Lost mutation: Your rubbery body absorbs attacks. (AC +1,
                  | EV +1) [Jiyva's grace]
 52536 | Orc:1    | Gained mutation: You passively map a small area around you.
                  | [Jiyva's grace]
 52831 | Vaults:1 | Gained mutation: Your translucent skin slightly reduces
                  | your foes' accuracy. (Stealth) [Jiyva's grace]
 53201 | Slime:5  | Got a faintly glowing lead ring
 53210 | Slime:5  | Got a slimy rune of Zot
 53271 | Slime:5  | Lost mutation: You are covered in slimy tendrils that may
                  | disarm your opponents. [Jiyva's grace]
 53296 | Slime:5  | Identified the Papyrus of Dislocation
 53328 | Slime:5  | Gained mutation: You possess an exceptional clarity of
                  | mind. [Jiyva's grace]
 53504 | Lair:3   | Identified the ring of the Catamount {*Tele *Contam rF-
                  | Str+8 SInv} (You found it on level 5 of the Pits of Slime)
 53637 | D:10     | Gained mutation: Your translucent skin reduces your foes'
                  | accuracy. (Stealth) [Jiyva's grace]
 53804 | Elf:1    | Noticed Frances
 53813 | Elf:1    | Killed Frances
 53938 | Elf:2    | Reached skill level 1 in Spellcasting
 53980 | Elf:2    | Found Raafutre's Antique Weapon Shoppe.
 54216 | Elf:2    | Found Vimuog Woda's Antique Armour Shop.
 54220 | Elf:2    | Gained mutation: Your mind is acute. (Int +2) [Jiyva's
                  | grace]
 54231 | Elf:2    | Lost mutation: You have large cloven feet. [Jiyva's grace]
 54241 | Elf:2    | Gained mutation: You have acidic saliva. [Jiyva's grace]
 54260 | Elf:2    | Gained mutation: You are covered in fur. (AC +1) [Jiyva's
                  | grace]
 54295 | Elf:2    | Found Ahafacs's Gadget Shoppe.
 54340 | Elf:2    | Gained mutation: Your muscles are strong. (Str +2) [Jiyva's
                  | grace]
 54353 | Elf:2    | Gained mutation: You have large cloven feet. [Jiyva's
                  | grace]
 54354 | Elf:2    | Found a huge runed translucent gate.
 54357 | Elf:2    | Found a huge runed translucent gate.
 54363 | Elf:2    | Found a huge runed translucent gate.
 54364 | Elf:2    | Found a huge runed translucent gate.
 54425 | Elf:2    | Found Hamaq's Jewellery Emporium.
 54589 | Elf:2    | Found a huge runed translucent gate.
 54651 | Elf:2    | Lost mutation: You passively map a small area around you.
                  | [Jiyva's grace]
 54838 | Elf:2    | Gained mutation: You have supernaturally acute eyesight.
                  | (SInv) [Jiyva's grace]
 54846 | Elf:2    | Gained mutation: You have a small jelly attached to you
                  | that may absorb incoming projectiles. [Jiyva's grace]
 55002 | Elf:3    | Entered Level 3 of the Elven Halls
 55035 | Elf:3    | Found Rarrod's Armour Shop.
 55036 | Elf:3    | Found Isijimn's Distillery.
 55037 | Elf:3    | Found Purgh's Book Shop.
 55038 | Elf:3    | Found Durei's Weapon Shop.
 55116 | Elf:3    | Gained mutation: You expend magic power (3 MP) to
                  | strengthen your wands. [Jiyva's grace]
 55136 | Elf:3    | Reached skill level 5 in Spellcasting
 55150 | Elf:3    | Reached XP level 23. HP: 190/190 MP: 30/30
 55241 | Elf:3    | Identified the ring "Wejis" {Ice Will- Int+8 SInv}
 55256 | Elf:3    | Lost mutation: You are somewhat resistant to further
                  | mutation. [Jiyva's grace]
 55406 | Elf:3    | Gained mutation: Your body has grown golden eyes which may
                  | confuse attackers. (Acc +3) [Jiyva's grace]
 55409 | Elf:3    | Lost mutation: You expend magic power (3 MP) to strengthen
                  | your wands. [Jiyva's grace]
 55410 | Elf:3    | Lost mutation: You have large cloven feet. [Jiyva's grace]
 55419 | Elf:3    | Gained mutation: Your mind is very acute. (Int +4) [Jiyva's
                  | grace]
 55423 | Elf:3    | Lost mutation: You have a small jelly attached to you that
                  | may absorb incoming projectiles. [Jiyva's grace]
 55440 | Elf:3    | Lost mutation: Your muscles are strong. (Str +2) [Jiyva's
                  | grace]
 55447 | Elf:3    | Gained mutation: You have a small jelly attached to you
                  | that senses nearby items. [Jiyva's grace]
 55453 | Elf:3    | Gained mutation: You are agile. (Dex +2) [Jiyva's grace]
 55548 | Elf:3    | Lost mutation: Your mind is very acute. (Int +4) [Jiyva's
                  | grace]
 55562 | Elf:3    | Identified Taijaol's Compendium of Gliding Execration
 55583 | Elf:3    | Identified the Disquisition on the Damaging Birds
 55841 | Elf:3    | Bought the +9 scales of the Dragon King {rPois rF+ rC+
                  | Will+} for 2121 gold pieces
 55841 | Elf:3    | Found the +9 scales of the Dragon King {rPois rF+ rC+
                  | Will+}
 55861 | Elf:3    | Lost mutation: You are agile. (Dex +2) [Jiyva's grace]
 56073 | Elf:3    | Learned a level 8 spell: Necromutation
 56082 | Elf:3    | Learned a level 8 spell: Ignition
 56088 | Elf:3    | Learned a level 5 spell: Silence
 56213 | Elf:3    | Bought a potion of curing for 48 gold pieces
 56213 | Elf:3    | Bought a potion of cancellation for 128 gold pieces
 56213 | Elf:3    | Bought a potion of might for 64 gold pieces
 56213 | Elf:3    | Bought a potion of mutation for 128 gold pieces
 56213 | Elf:3    | Bought a potion of heal wounds for 80 gold pieces
 56213 | Elf:3    | Bought a potion of heal wounds for 80 gold pieces
 56213 | Elf:3    | Bought a potion of curing for 48 gold pieces
 56213 | Elf:3    | Bought a potion of curing for 48 gold pieces
 56438 | Depths:1 | Entered Level 1 of the Depths
 56457 | Depths:1 | Lost mutation: You possess an exceptional clarity of mind.
                  | [Jiyva's grace]
 56466 | Depths:1 | Reached skill level 1 in Transmutations
 56479 | Depths:1 | Reached skill level 1 in Hexes
 56488 | Depths:1 | Reached skill level 1 in Air Magic
 56561 | Depths:1 | Lost mutation: Your body has grown golden eyes which may
                  | confuse attackers. (Acc +3) [Jiyva's grace]
 56775 | Depths:1 | Lost mutation: Your mind is acute. (Int +2) [Jiyva's grace]
 56824 | Depths:1 | Found a gateway to Hell.
 57309 | Depths:2 | Found a flickering gateway to a bazaar.
 57316 | Bazaar   | Entered a bazaar
 57316 | Bazaar   | Found Zaxtaf's Armour Shoppe.
 57334 | Bazaar   | Found Duimur's Jewellery Shoppe.
 57368 | Bazaar   | Found Opiam's Antique Armour Shoppe.
 57391 | Depths:2 | Found a broken altar of Ashenzari.
 57470 | Depths:2 | Lost mutation: Your spells are much harder to cast, but
                  | much more powerful. [Jiyva's grace]
 57518 | Depths:2 | Gained mutation: Armour fits poorly on your pseudopods.
                  | [Jiyva's grace]
 57550 | Depths:2 | Lost mutation: Armour fits poorly on your pseudopods.
                  | [Jiyva's grace]
 57653 | Depths:2 | Lost mutation: Your body often deteriorates upon taking
                  | damage. [Jiyva's grace]
 57669 | Depths:2 | Reached XP level 24. HP: 199/199 MP: 35/35
 57693 | Depths:2 | Noticed a juggernaut
 57696 | Depths:2 | Noticed a juggernaut
 57697 | Depths:2 | Lost mutation: Your body sometimes deteriorates upon taking
                  | damage. [Jiyva's grace]
 57704 | Depths:2 | Killed a juggernaut
 57705 | Depths:2 | Reached skill level 5 in Transmutations
 57709 | Depths:2 | Killed a juggernaut
 57754 | Depths:2 | Identified the ring "Moathrev" {rPois MP+9 Dex+7}
 57754 | Depths:2 | Lost mutation: Your spells are harder to cast, but more
                  | powerful. [Jiyva's grace]
 57781 | Depths:2 | Noticed a juggernaut
 57789 | Depths:2 | Killed a juggernaut
 58397 | Depths:3 | Gained mutation: You are dopey. (Int -2) [Jiyva's grace]
 58465 | Depths:3 | Gained mutation: Your flesh is cold resistant. (rC+)
                  | [Jiyva's grace]
 58473 | Depths:3 | Reached skill level 10 in Spellcasting
 58475 | Depths:3 | Reached skill level 5 in Hexes
 58500 | Depths:3 | Identified the ring "Sacog" {Fire rElec Str-5 Int+2 Slay+5}
 58515 | Depths:3 | Gained mutation: You have large cloven feet. [Jiyva's
                  | grace]
 58519 | Depths:3 | Reached skill level 5 in Air Magic
 58527 | Depths:3 | Lost mutation: You are dopey. (Int -2) [Jiyva's grace]
 58543 | Depths:3 | Gained mutation: Armour fits poorly on your strangely
                  | shaped body. [Jiyva's grace]
 58551 | Depths:3 | Lost mutation: You are covered in fur. (AC +1) [Jiyva's
                  | grace]
 58566 | Depths:3 | Lost mutation: You have acidic saliva. [Jiyva's grace]
 58579 | Depths:3 | Gained mutation: You are somewhat resistant to further
                  | mutation. [Jiyva's grace]
 58610 | Depths:3 | Identified the Collected Works on Snow and Hexes
 58661 | Depths:3 | Found a gateway to a ziggurat.
 58773 | Depths:3 | Lost mutation: Armour fits poorly on your strangely shaped
                  | body. [Jiyva's power]
 58778 | Depths:3 | Got a transparent jade ring
 58782 | Depths:3 | Gained mutation: Your mind is acute. (Int +2) [Jiyva's
                  | grace]
 59027 | Depths:3 | Found a one-way gate leading to the halls of Pandemonium.
 59536 | Depths:4 | Gained mutation: You tend to lose your temper in combat.
                  | [Jiyva's grace]
 59592 | Depths:4 | Lost mutation: Your translucent skin reduces your foes'
                  | accuracy. (Stealth) [Jiyva's grace]
 59592 | Depths:4 | Lost mutation: Your translucent skin slightly reduces your
                  | foes' accuracy. (Stealth) [Jiyva's grace]
 59592 | Depths:4 | Gained mutation: Your skin changes colour to match your
                  | surroundings (Stealth+). [Jiyva's grace]
 59652 | Depths:4 | Found a sacrificial altar of Ru.
 59652 | Depths:4 | Found an ornate altar of the Wu Jian Council.
 59653 | Depths:4 | Found a white marble altar of Elyvilon.
 59669 | Depths:4 | Gained mutation: Your natural rate of healing is unusually
                  | fast. [Jiyva's grace]
 59678 | Depths:4 | Noticed a juggernaut
 59780 | Depths:4 | Lost mutation: Your skin changes colour to match your
                  | surroundings (Stealth+). [Jiyva's grace]
 59850 | Depths:4 | Gained mutation: You often lose your temper in combat.
                  | [Jiyva's grace]
 59908 | Depths:4 | Gained mutation: You regenerate a lot of health from kills.
                  | [demonic ancestry]
 59908 | Depths:4 | Reached XP level 25. HP: 206/206 MP: 37/37
 59917 | Depths:4 | Lost mutation: You often lose your temper in combat.
                  | [Jiyva's power]
 59922 | Depths:4 | Noticed an ancient lich
 59936 | Depths:4 | Killed an ancient lich
 59956 | Depths:4 | Identified the ring "Xiujann" {MP+9 Int+2 Dex+3} (You found
                  | it on level 3 of the Depths)
 59960 | Depths:4 | Got a blackened cloak
 59970 | Depths:4 | Identified the -6 cloak of Vucsuif {Will+ Int+4} (You found
                  | it on level 4 of the Depths)
 59990 | Depths:4 | Lost mutation: Your flesh is cold resistant. (rC+) [Jiyva's
                  | grace]
 60028 | Depths:4 | Noticed a juggernaut
 60044 | Depths:4 | Killed a juggernaut
 60294 | Depths:4 | Lost mutation: You tend to lose your temper in combat.
                  | [Jiyva's power]
 60305 | Depths:4 | Gained mutation: You have sharp fingernails. [Jiyva's
                  | grace]
 60346 | Depths:4 | Gained mutation: You are agile. (Dex +2) [Jiyva's grace]
 60354 | Depths:4 | Lost mutation: You are agile. (Dex +2) [Jiyva's grace]
 60361 | Depths:4 | Lost mutation: You have sharp fingernails. [Jiyva's grace]
 60366 | Depths:4 | Lost mutation: Your spells are a little harder to cast, but
                  | a little more powerful. [Jiyva's grace]
 60643 | Depths:5 | Entered Level 5 of the Depths
 60736 | Depths:5 | Reached skill level 10 in Transmutations
 60823 | Depths:5 | Reached skill level 15 in Necromancy
 60847 | Depths:5 | Noticed a juggernaut
 60860 | Depths:5 | Killed a juggernaut
 61169 | Depths:5 | Found a gate to the Realm of Zot.
 61300 | Depths:5 | Gained mutation: Your system is resistant to poisons.
                  | (rPois) [Jiyva's grace]
 61362 | Depths:5 | Gained mutation: Your muscles are strong. (Str +2) [Jiyva's
                  | grace]
 61412 | Depths:5 | Gained mutation: Your magical and physical power is greatly
                  | enhanced at high health. [demonic ancestry]
 61412 | Depths:5 | Reached XP level 26. HP: 213/213 MP: 38/38
 61413 | Depths:5 | Lost mutation: Your system is resistant to poisons. (rPois)
                  | [Jiyva's grace]
 61608 | Depths:5 | Lost mutation: Your muscles are strong. (Str +2) [Jiyva's
                  | grace]
 61660 | Zot:1    | Entered Level 1 of the Realm of Zot
 61921 | Zot:1    | Gained mutation: Armour fits poorly on your pseudopods.
                  | [Jiyva's grace]
 62685 | Zot:2    | Reached skill level 15 in Throwing
 62685 | Zot:2    | Reached skill level 19 in Armour
 62702 | Zot:2    | Lost mutation: Armour fits poorly on your pseudopods.
                  | [Jiyva's grace]
 62759 | Zot:2    | Noticed an ancient lich
 62772 | Zot:2    | Killed an ancient lich
 63064 | Zot:2    | Reached skill level 10 in Hexes
 63147 | Zot:2    | Gained mutation: Your body has grown golden eyes which may
                  | confuse attackers. (Acc +3) [Jiyva's grace]
 63185 | Zot:2    | Lost mutation: You have large cloven feet. [Jiyva's grace]
 63405 | Zot:2    | Reached XP level 27. HP: 200/219 MP: 39/39
 63411 | Zot:2    | Gained mutation: You have acidic saliva. [Jiyva's grace]
 63659 | Zot:2    | Lost mutation: You have acidic saliva. [Jiyva's grace]
 64470 | Zot:3    | Gained mutation: You have sharp toenails. [Jiyva's grace]
 64651 | Zot:4    | Noticed an orb of fire
 64655 | Zot:4    | Killed an orb of fire
 64724 | Zot:4    | Noticed an orb of fire
 64730 | Zot:4    | Killed an orb of fire
 64731 | Zot:4    | Reached skill level 10 in Air Magic
 64904 | Zot:4    | Noticed an orb of fire
 64905 | Zot:4    | Noticed a juggernaut
 64905 | Zot:4    | a Killer Klown changed into a juggernaut
 65096 | Zot:4    | Gained mutation: Your mind is very acute. (Int +4) [Jiyva's
                  | grace]
 65372 | Zot:4    | Was forgiven by Okawaru
 65517 | Zot:4    | Noticed an orb of fire
 65523 | Zot:4    | Killed an orb of fire
 65593 | Zot:5    | Entered Level 5 of the Realm of Zot
 65726 | Zot:4    | Killed an orb of fire
 66042 | Zot:4    | Killed a juggernaut
 66780 | Vaults:1 | Gained mutation: You can translocate small distances at
                  | will. [Jiyva's grace]
 66935 | Vaults:5 | Entered Level 5 of the Vaults
 67193 | Vaults:5 | Got a silver rune of Zot
 67232 | Vaults:5 | Identified the +8 dagger of Growth {freeze, rElec Str+5
                  | Stlth+}
 67273 | Vaults:5 | Lost mutation: Your mind is very acute. (Int +4) [Jiyva's
                  | grace]
 67475 | Vaults:5 | Lost mutation: You are somewhat resistant to further
                  | mutation. [Jiyva's grace]
 67475 | Vaults:5 | Gained mutation: You evolve. [Jiyva's grace]
 67477 | Vaults:5 | Noticed an ancient lich
 67489 | Vaults:5 | Killed an ancient lich
 67523 | Vaults:5 | Gained mutation: You have razor-sharp toenails. [Jiyva's
                  | grace]
 67531 | Vaults:5 | Gained mutation: You passively map a small area around you.
                  | [Jiyva's grace]
 67533 | Vaults:5 | Gained mutation: You are covered in slimy tendrils that may
                  | disarm your opponents. [Jiyva's grace]
 67558 | Vaults:5 | Noticed Margery
 67569 | Vaults:5 | Noticed an ancient lich
 67575 | Vaults:5 | Noticed Jory
 67581 | Vaults:5 | Killed Margery
 67582 | Vaults:5 | Reached skill level 20 in Armour
 67586 | Vaults:5 | Killed an ancient lich
 67611 | Vaults:5 | Killed Jory
 67770 | Vaults:5 | Found the +2 hood of the Assassin {Detection Stab+ Stlth++}
 67779 | Vaults:5 | Lost mutation: You have supernaturally acute eyesight.
                  | (SInv) [Jiyva's grace]
 67782 | Vaults:5 | Gained mutation: Your translucent skin slightly reduces
                  | your foes' accuracy. (Stealth) [Jiyva's grace]
 67792 | Vaults:5 | Gained mutation: You have acidic saliva. [Jiyva's grace]
 67799 | Vaults:5 | Lost mutation: You have a small jelly attached to you that
                  | senses nearby items. [Jiyva's grace]
 67800 | Vaults:5 | Lost mutation: Your natural rate of healing is unusually
                  | fast. [Jiyva's grace]
 67801 | Vaults:5 | Gained mutation: You expend magic power (3 MP) to
                  | strengthen your wands. [Jiyva's grace]
 67804 | Vaults:5 | Lost mutation: Your mind is acute. (Int +2) [Jiyva's grace]
 67830 | Vaults:5 | Gained mutation: Your muscles are strong. (Str +2) [Jiyva's
                  | grace]
 67857 | Vaults:5 | Lost mutation: You passively map a small area around you.
                  | [Jiyva's grace]
 67865 | Vaults:5 | Lost mutation: Your body has grown golden eyes which may
                  | confuse attackers. (Acc +3) [Jiyva's grace]
 67872 | Vaults:5 | Gained mutation: Your body has grown golden eyes which may
                  | confuse attackers. (Acc +3) [Jiyva's grace]
 68196 | Vaults:4 | Lost mutation: Your muscles are strong. (Str +2) [Jiyva's
                  | grace]
 68239 | Vaults:4 | Gained mutation: Armour fits poorly on your pseudopods.
                  | [Jiyva's grace]
 68256 | Vaults:4 | Gained mutation: Your body has grown many golden eyes which
                  | may confuse attackers. (Acc +5) [Jiyva's grace]
 68263 | Vaults:4 | Gained mutation: You possess an exceptional clarity of
                  | mind. [Jiyva's grace]
 68275 | Vaults:4 | Upgraded the game from 0.26.0-10-g1f06aea511 to
                  | 0.26.0-11-g8f856b5395
 68374 | Vaults:1 | Gained mutation: Your translucent skin reduces your foes'
                  | accuracy. (Stealth) [Jiyva's grace]
 68527 | Orc:2    | Bought a scroll of teleportation for 45 gold pieces
 68527 | Orc:2    | Bought a scroll of blinking for 112 gold pieces
 69019 | D:13     | Lost mutation: You possess an exceptional clarity of mind.
                  | [Jiyva's grace]
 69157 | Crypt:1  | Entered Level 1 of the Crypt
 69175 | Crypt:1  | Found a runed translucent door.
 69175 | Crypt:1  | Noticed Xenat's ghost (veteran MiGl)
 69196 | Crypt:1  | Found a runed translucent gate.
 69197 | Crypt:1  | Found a runed translucent gate.
 69197 | Crypt:1  | Found a runed translucent gate.
 69198 | Crypt:1  | Noticed Mara
 69208 | Crypt:1  | Killed Mara
 69294 | Crypt:1  | Acquired 1132 gold pieces
 69453 | Crypt:1  | Lost mutation: Your translucent skin reduces your foes'
                  | accuracy. (Stealth) [Jiyva's grace]
 69477 | Crypt:1  | You fall into a shaft and drop 1 floor!
 69485 | Crypt:2  | Gained mutation: Your system is resistant to poisons.
                  | (rPois) [evolution]
 69576 | Crypt:1  | Gained mutation: You are strong-willed. (Will+) [Jiyva's
                  | grace]
 69619 | Crypt:1  | Found an ancient bone altar of Kikubaaqudgha.
 69992 | Crypt:2  | Noticed Sojobo
 70018 | Crypt:2  | Killed Sojobo
 70064 | Crypt:2  | Lost mutation: You evolve. [Jiyva's grace]
 70092 | Crypt:2  | Gained mutation: Your translucent skin reduces your foes'
                  | accuracy. (Stealth) [Jiyva's grace]
 70211 | Crypt:2  | Got a pitted brass amulet
 70212 | Crypt:2  | Identified the amulet "Veawuxoa" {RegenMP Str+2 Int+3} (You
                  | found it on level 2 of the Crypt)
 70486 | Crypt:2  | Gained mutation: You possess an exceptional clarity of
                  | mind. [Jiyva's grace]
 70655 | Crypt:2  | Noticed Saint Roka
 70671 | Crypt:2  | Killed Saint Roka
 70780 | Crypt:2  | Lost mutation: You possess an exceptional clarity of mind.
                  | [Jiyva's grace]
 70903 | Crypt:3  | Entered Level 3 of the Crypt
 71085 | Crypt:3  | Found a staircase to the Tomb.
 71321 | Crypt:3  | Noticed an ancient lich
 71330 | Crypt:3  | Killed an ancient lich
 71331 | Crypt:3  | Reached skill level 15 in Spellcasting
 71383 | Crypt:3  | Found an ancient bone altar of Kikubaaqudgha.
 71402 | Crypt:3  | Identified the Catalogue of the Shifting Arsonist
 71413 | Crypt:3  | Identified the Disquisition on Evil Rites
 71763 | Crypt:3  | Lost mutation: You expend magic power (3 MP) to strengthen
                  | your wands. [Jiyva's grace]
 71782 | Crypt:3  | Gained mutation: You have a small jelly attached to you
                  | that may absorb incoming projectiles. [Jiyva's grace]
 71829 | Crypt:3  | Lost mutation: You have a small jelly attached to you that
                  | may absorb incoming projectiles. [Jiyva's grace]
 72000 | Crypt:3  | Lost mutation: You have acidic saliva. [potion of mutation]
 72000 | Crypt:3  | Lost mutation: Your translucent skin reduces your foes'
                  | accuracy. (Stealth) [potion of mutation]
 72000 | Crypt:3  | Lost mutation: You are covered in slimy tendrils that may
                  | disarm your opponents. [potion of mutation]
 72000 | Crypt:3  | Lost mutation: Your body has grown many golden eyes which
                  | may confuse attackers. (Acc +5) [potion of mutation]
 72000 | Crypt:3  | Gained mutation: You are agile. (Dex +2) [potion of
                  | mutation]
 72000 | Crypt:3  | Lost mutation: Armour fits poorly on your pseudopods.
                  | [potion of mutation]
 72000 | Crypt:3  | Gained mutation: Your mind is acute. (Int +2) [potion of
                  | mutation]
 72000 | Crypt:3  | Gained mutation: Your flesh is heat resistant. (rF+)
                  | [potion of mutation]
 72001 | Crypt:3  | Lost mutation: You are strong-willed. (Will+) [potion of
                  | mutation]
 72001 | Crypt:3  | Lost mutation: Your translucent skin slightly reduces your
                  | foes' accuracy. (Stealth) [potion of mutation]
 72001 | Crypt:3  | Gained mutation: You are occasionally teleported next to
                  | monsters. [potion of mutation]
 72001 | Crypt:3  | Gained mutation: You are very agile. (Dex +4) [potion of
                  | mutation]
 72002 | Crypt:3  | Lost mutation: Your system is resistant to poisons. (rPois)
                  | [potion of mutation]
 72002 | Crypt:3  | Lost mutation: You have razor-sharp toenails. [potion of
                  | mutation]
 72002 | Crypt:3  | Lost mutation: Your mind is acute. (Int +2) [potion of
                  | mutation]
 72002 | Crypt:3  | Gained mutation: Your spells are a little harder to cast,
                  | but a little more powerful. [potion of mutation]
 72003 | Crypt:3  | Lost mutation: You are occasionally teleported next to
                  | monsters. [potion of mutation]
 72003 | Crypt:3  | Lost mutation: Your body has grown golden eyes which may
                  | confuse attackers. (Acc +3) [potion of mutation]
 72003 | Crypt:3  | Lost mutation: You are very agile. (Dex +4) [potion of
                  | mutation]
 72003 | Crypt:3  | Gained mutation: You have razor-sharp toenails. [potion of
                  | mutation]
 72308 | Crypt:3  | Lost mutation: You are agile. (Dex +2) [Jiyva's grace]
 72555 | Vaults:3 | Lost mutation: Your flesh is heat resistant. (rF+) [Jiyva's
                  | grace]
 72629 | Vaults:3 | Gained mutation: You are robust. (+10% HP) [Jiyva's grace]
 72641 | Vaults:3 | Gained mutation: Your flesh is cold resistant. (rC+)
                  | [Jiyva's grace]
 72664 | Vaults:3 | Lost mutation: You are robust. (+10% HP) [Jiyva's grace]
 72820 | Vaults:3 | Lost mutation: You have razor-sharp toenails. [Jiyva's
                  | grace]
 72844 | Vaults:3 | Gained mutation: You have a small jelly attached to you
                  | that may absorb incoming projectiles. [Jiyva's grace]
 73019 | Hell     | Entered the Vestibule of Hell
 73019 | Hell     | Noticed Murray
 73020 | Hell     | Noticed Geryon
 73031 | Hell     | Killed Murray
 73242 | Hell     | Killed Geryon
 73275 | Hell     | Found a gateway to the Iron City of Dis.
 73361 | Hell     | Reached skill level 21 in Armour
 73372 | Hell     | Found a gateway to the ashen valley of Gehenna.
 73377 | Hell     | Gained mutation: Your skin changes colour to match your
                  | surroundings (Stealth+). [Jiyva's grace]
 73469 | Hell     | Found a gateway to the freezing wastes of Cocytus.
 73645 | Hell     | Found a gateway to the decaying netherworld of Tartarus.
 73741 | Geh:1    | Entered Level 1 of Gehenna
 73764 | Geh:1    | Lost mutation: Your flesh is cold resistant. (rC+) [Jiyva's
                  | grace]
 74060 | Geh:1    | Gained mutation: Armour fits poorly on your pseudopods.
                  | [Jiyva's grace]
 74140 | Geh:1    | Gained mutation: You are dopey. (Int -2) [Jiyva's grace]
 74237 | Geh:2    | Gained mutation: You expend magic power (3 MP) to
                  | strengthen your wands. [Jiyva's grace]
 74241 | Geh:2    | Gained mutation: You are frail. (-10% HP) [Jiyva's grace]
 74249 | Geh:2    | Gained mutation: You are somewhat resistant to further
                  | mutation. [Jiyva's grace]
 74280 | Geh:2    | Lost mutation: You are dopey. (Int -2) [Jiyva's power]
 74282 | Geh:2    | Gained mutation: Your system is resistant to poisons.
                  | (rPois) [Jiyva's grace]
 74470 | Geh:2    | Lost mutation: Armour fits poorly on your pseudopods.
                  | [Jiyva's grace]
 74796 | Geh:4    | Reached skill level 15 in Hexes
 74832 | Geh:4    | Gained mutation: Scrolls take you a little longer to read.
                  | [Jiyva's grace]
 75018 | Geh:5    | Lost mutation: You are frail. (-10% HP) [Jiyva's power]
 75018 | Geh:5    | Gained mutation: You are robust. (+10% HP) [Jiyva's grace]
 75129 | Geh:6    | Gained mutation: You are strong-willed. (Will+) [Jiyva's
                  | grace]
 75222 | Geh:7    | Entered Level 7 of Gehenna
 75287 | Geh:7    | Lost mutation: Your skin changes colour to match your
                  | surroundings (Stealth+). [Jiyva's grace]
 75287 | Geh:7    | Gained mutation: Your translucent skin slightly reduces
                  | your foes' accuracy. (Stealth) [Jiyva's grace]
 75309 | Geh:7    | Reached skill level 15 in Air Magic
 75393 | Geh:7    | Gained mutation: Your body has grown golden eyes which may
                  | confuse attackers. (Acc +3) [Jiyva's grace]
 75520 | Geh:7    | Gained mutation: You have acidic saliva. [Jiyva's grace]
 75529 | Geh:7    | Lost mutation: Scrolls take you a little longer to read.
                  | [Jiyva's power]
 75531 | Geh:7    | Lost mutation: You expend magic power (3 MP) to strengthen
                  | your wands. [Jiyva's grace]
 75542 | Geh:7    | Lost mutation: You have a small jelly attached to you that
                  | may absorb incoming projectiles. [Jiyva's grace]
 76103 | Geh:7    | Identified a +0 pair of boots of running (You found it on
                  | level 7 of Gehenna)
 76113 | Geh:7    | Gained mutation: You have a small jelly attached to you
                  | that may absorb incoming projectiles. [Jiyva's grace]
 76136 | Geh:7    | Gained mutation: Your natural rate of healing is unusually
                  | fast. [Jiyva's grace]
 76149 | Geh:7    | Identified the +7 sceptre of Asmodeus
 76149 | Geh:7    | Noticed Asmodeus
 76166 | Geh:7    | Killed Asmodeus
 76171 | Geh:7    | Got an obsidian rune of Zot
 76487 | Tar:1    | Entered Level 1 of Tartarus
 76613 | Tar:3    | Gained mutation: Your muscles are strong. (Str +2) [Jiyva's
                  | grace]
 77277 | Tar:5    | Gained mutation: Your mind is acute. (Int +2) [Jiyva's
                  | grace]
 77595 | Tar:6    | Lost mutation: Your natural rate of healing is unusually
                  | fast. [Jiyva's grace]
 77629 | Tar:6    | Gained mutation: Your muscles are very strong. (Str +4)
                  | [Jiyva's grace]
 78501 | Tar:7    | Entered Level 7 of Tartarus
 78965 | Tar:7    | Lost mutation: You have a small jelly attached to you that
                  | may absorb incoming projectiles. [Jiyva's grace]
 78980 | Tar:7    | Noticed Ereshkigal
 78981 | Tar:7    | Noticed the Serpent of Hell
 79010 | Tar:7    | Killed Ereshkigal
 79020 | Tar:7    | HP: 7/246 [ice dragon/blast of cold[the Serpent of Hell]
                  | (15)]
 79149 | Tar:7    | Killed the Serpent of Hell
 79185 | Tar:7    | Got a bone rune of Zot
 79262 | Tar:7    | Noticed an ancient lich
 79274 | Tar:7    | Killed an ancient lich
 79389 | Tar:7    | Gained mutation: Your spells are harder to cast, but more
                  | powerful. [Jiyva's grace]
 79471 | Tar:7    | Gained mutation: You have a small jelly attached to you
                  | that may absorb incoming projectiles. [Jiyva's grace]
 79549 | Tar:7    | Identified the Collected Works on Earthen Malediction
 79723 | Dis:1    | Entered Level 1 of the Iron City of Dis
 79822 | Dis:1    | Lost mutation: Your system is resistant to poisons. (rPois)
                  | [Jiyva's grace]
 79827 | Dis:1    | Lost mutation: Your body has grown golden eyes which may
                  | confuse attackers. (Acc +3) [Jiyva's grace]
 79835 | Dis:1    | Gained mutation: Your mind is very acute. (Int +4) [Jiyva's
                  | grace]
 79965 | Dis:1    | Reached skill level 22 in Armour
 79975 | Dis:1    | Gained mutation: You are agile. (Dex +2) [Jiyva's grace]
 81135 | Dis:5    | Lost mutation: You are agile. (Dex +2) [Jiyva's grace]
 81317 | Dis:7    | Entered Level 7 of the Iron City of Dis
 81836 | Dis:7    | Lost mutation: Your mind is very acute. (Int +4) [Jiyva's
                  | grace]
 81866 | Dis:7    | Reached skill level 15 in Dodging
 81957 | Dis:7    | Lost mutation: Your muscles are very strong. (Str +4)
                  | [Jiyva's grace]
 82012 | Dis:7    | Identified the Incunabulum of the Poisonous Rocks
 82033 | Dis:7    | Identified the Tome of Contamination and the Volcanoes
 82076 | Dis:7    | Gained mutation: Your rubbery body absorbs attacks. (AC +1,
                  | EV +1) [Jiyva's grace]
 82097 | Dis:7    | Gained mutation: Your muscles are very strong. (Str +4)
                  | [Jiyva's grace]
 82119 | Dis:7    | Identified the Disquisition on Aerial Unholy Secrets
 82175 | Dis:7    | Gained mutation: Armour fits poorly on your pseudopods.
                  | [Jiyva's grace]
 82464 | Dis:7    | Lost mutation: Your mind is acute. (Int +2) [Jiyva's grace]
 82478 | Dis:7    | Identified the +4 staff of Dispater
 82478 | Dis:7    | Noticed Dispater
 82505 | Dis:7    | Killed Dispater
 82561 | Dis:7    | Got an iron rune of Zot
 82673 | Dis:7    | Lost mutation: Your translucent skin slightly reduces your
                  | foes' accuracy. (Stealth) [Jiyva's grace]
 83026 | Depths:4 | Voluntarily entered the Abyss.
 83359 | Abyss:2  | Identified Cid Mink's Compendium of Blistering Companions
 83363 | Abyss:2  | Got a scorched iron ring
 83403 | Abyss:2  | Lost mutation: You have sharp toenails. [Jiyva's grace]
 83469 | Abyss:3  | Found a corrupted altar of Lugonu.
 83722 | Abyss:3  | Paralysed by accursed screaming for 1 turns
 84077 | Abyss:3  | Reached skill level 15 in Transmutations
 84219 | Abyss:4  | Got an abyssal rune of Zot
 84238 | Depths:4 | Escaped the Abyss
 84260 | Hell     | Identified the ring "Longufre" {rCorr Str+3} (You found it
                  | on level 2 of the Abyss)
 84269 | Coc:1    | Entered Level 1 of Cocytus
 84780 | Coc:6    | Reached skill level 23 in Armour
 84876 | Coc:7    | Entered Level 7 of Cocytus
 85115 | Coc:7    | Gained mutation: Your spells are much harder to cast, but
                  | much more powerful. [Jiyva's grace]
 85205 | Coc:7    | Noticed Antaeus
 85385 | Coc:7    | Identified the cursed +1 spear of Conservatism {freeze,
                  | Fragile rElec Int+7 SInv}
 85420 | Coc:7    | Killed Antaeus
 85431 | Coc:7    | Identified the Volume of Frigorific Calling
 85437 | Coc:7    | Got an icy rune of Zot
 85652 | Coc:7    | Gained mutation: Your translucent skin slightly reduces
                  | your foes' accuracy. (Stealth) [Jiyva's grace]
 85694 | Coc:7    | Lost mutation: You can translocate small distances at will.
                  | [Jiyva's grace]
 85768 | Coc:7    | Identified the ring "Plog" {rC+ rN+ Dex+6} (You found it on
                  | level 7 of Cocytus)
 85808 | Coc:7    | Lost mutation: Armour fits poorly on your pseudopods.
                  | [Jiyva's grace]
 86401 | Lair:3   | Lost mutation: You are strong-willed. (Will+) [Jiyva's
                  | grace]
 86406 | Lair:3   | Lost mutation: You have acidic saliva. [Jiyva's grace]
 86408 | Lair:3   | Lost mutation: Your muscles are very strong. (Str +4)
                  | [Jiyva's grace]
 86562 | Lair:3   | Gained mutation: You are covered in slimy tendrils that may
                  | disarm your opponents. [Jiyva's grace]
 86999 | Pan      | Entered Pandemonium
 87014 | Pan      | Noticed Dotourgh the pandemonium lord
 87025 | Pan      | Killed Dotourgh the pandemonium lord
 87161 | Pan      | Lost mutation: Your muscles are strong. (Str +2) [Jiyva's
                  | grace]
 87178 | Pan      | Gained mutation: You are somewhat resistant to both further
                  | mutation and mutation removal. [Jiyva's grace]
 87561 | Pan      | Noticed Tuuxtar the pandemonium lord
 87571 | Pan      | Killed Tuuxtar the pandemonium lord
 87789 | Pan      | Lost mutation: You are somewhat resistant to both further
                  | mutation and mutation removal. [Jiyva's grace]
 88139 | Pan      | Gained mutation: You can translocate small distances at
                  | will. [Jiyva's grace]
 88314 | Pan      | Gained mutation: You tend to lose your temper in combat.
                  | [Jiyva's grace]
 88323 | Pan      | Reached skill level 24 in Armour
 89006 | Pan      | Noticed Ojymp the pandemonium lord
 89025 | Pan      | Lost mutation: You are somewhat resistant to further
                  | mutation. [Jiyva's grace]
 89025 | Pan      | Gained mutation: You evolve. [Jiyva's grace]
 89032 | Pan      | Killed Ojymp the pandemonium lord
 89211 | Pan      | Found an exit through the horrors of the Abyss.
 89230 | Pan      | Took an exit into the Abyss.
 89230 | Abyss:1  | Escaped into the Abyss
 89253 | Abyss:1  | Lost mutation: You tend to lose your temper in combat.
                  | [Jiyva's power]
 89290 | Depths:3 | Escaped the Abyss
 89565 | Zot:1    | Lost mutation: Your translucent skin slightly reduces your
                  | foes' accuracy. (Stealth) [evolution]
 89962 | Elf:1    | Bought a runed cloak for 277 gold pieces
 89989 | Elf:1    | Gained mutation: Your natural rate of healing is unusually
                  | fast. [Jiyva's grace]
 90231 | Pan      | Entered Pandemonium
 90231 | Pan      | Found an exit through the horrors of the Abyss.
 90539 | Pan      | Noticed Gul Cukh the pandemonium lord
 90567 | Pan      | Killed Gul Cukh the pandemonium lord
 90586 | Pan      | Identified the +0 pair of boots "Ystinlua" {rN+} (You found
                  | it in Pandemonium)
 90810 | Pan      | Entered the realm of Gloorx Vloq.
 91772 | Pan      | Noticed Gloorx Vloq
 91788 | Pan      | Killed Gloorx Vloq
 91838 | Pan      | Got a dark rune of Zot
 91980 | Pan      | Noticed Fed Zad the pandemonium lord
 92070 | Pan      | Found an exit through the horrors of the Abyss.
 92353 | Pan      | Lost mutation: Your spells are much harder to cast, but
                  | much more powerful. [Jiyva's grace]
 92362 | Pan      | Gained mutation: Your spells are much harder to cast, but
                  | much more powerful. [Jiyva's grace]
 92605 | Pan      | Gained mutation: Your pliable body absorbs attacks. (AC +2,
                  | EV +2) [Jiyva's grace]
 92791 | Pan      | Noticed Kohikhi the pandemonium lord
 92820 | Pan      | Killed Kohikhi the pandemonium lord
 93037 | Pan      | Got a demonic rune of Zot
 93088 | Pan      | Entered the realm of Mnoleg.
 93088 | Pan      | Noticed Mnoleg
 93097 | Pan      | Gained mutation: Your magical capacity is low. (-10% MP) [a
                  | cacodemon]
 93098 | Pan      | Gained mutation: You are occasionally teleported next to
                  | monsters. [a cacodemon]
 93134 | Pan      | Gained mutation: Armour fits poorly on your strangely
                  | shaped body. [a cacodemon]
 93142 | Pan      | Lost mutation: Armour fits poorly on your strangely shaped
                  | body. [Jiyva's power]
 93146 | Pan      | Lost mutation: You are occasionally teleported next to
                  | monsters. [Jiyva's power]
 93158 | Pan      | Lost mutation: Your pliable body absorbs attacks. (AC +2,
                  | EV +2) [Jiyva's grace]
 93204 | Pan      | Gained mutation: You are dopey. (Int -2) [a cacodemon]
 93223 | Pan      | Gained mutation: Scrolls take you a little longer to read.
                  | [a cacodemon]
 93249 | Pan      | Lost mutation: Scrolls take you a little longer to read.
                  | [Jiyva's power]
 93304 | Pan      | Gained mutation: You are clumsy. (Dex -2) [a cacodemon]
 93517 | Pan      | Gained mutation: You are weak. (Str -2) [a neqoxec]
 93703 | Pan      | Gained mutation: You tend to lose your temper in combat. [a
                  | cacodemon]
 93707 | Pan      | Lost mutation: Your natural rate of healing is unusually
                  | fast. [a neqoxec]
 93714 | Pan      | Gained mutation: Your magical capacity is very low. (-20%
                  | MP) [a neqoxec]
 93718 | Pan      | Killed Mnoleg
 93754 | Pan      | Acquired the +6 tower shield of the Devil's Advocate {rC-
                  | rN++ Dex+4}
 93757 | Pan      | Lost mutation: You have a small jelly attached to you that
                  | may absorb incoming projectiles. [potion of mutation]
 93757 | Pan      | Lost mutation: You are robust. (+10% HP) [potion of
                  | mutation]
 93757 | Pan      | Lost mutation: You are dopey. (Int -2) [potion of mutation]
 93757 | Pan      | Gained mutation: You occasionally shout uncontrollably at
                  | your foes. [potion of mutation]
 93757 | Pan      | Lost mutation: Your rubbery body absorbs attacks. (AC +1,
                  | EV +1) [potion of mutation]
 93757 | Pan      | Gained mutation: Your flesh is cold resistant. (rC+)
                  | [potion of mutation]
 93758 | Pan      | Lost mutation: Your magical capacity is very low. (-20% MP)
                  | [potion of mutation]
 93758 | Pan      | Lost mutation: Your magical capacity is low. (-10% MP)
                  | [potion of mutation]
 93758 | Pan      | Lost mutation: You are clumsy. (Dex -2) [potion of
                  | mutation]
 93758 | Pan      | Lost mutation: You are covered in slimy tendrils that may
                  | disarm your opponents. [potion of mutation]
 93758 | Pan      | Gained mutation: You are frail. (-10% HP) [potion of
                  | mutation]
 93758 | Pan      | Gained mutation: You have large cloven feet. [potion of
                  | mutation]
 93759 | Pan      | Lost mutation: Your spells are much harder to cast, but
                  | much more powerful. [potion of mutation]
 93759 | Pan      | Lost mutation: You are frail. (-10% HP) [potion of
                  | mutation]
 93759 | Pan      | Gained mutation: Your flesh is heat resistant. (rF+)
                  | [potion of mutation]
 93781 | Pan      | Got a glowing rune of Zot
 93985 | Pan      | Gained mutation: You are frail. (-10% HP) [a neqoxec]
 94002 | Pan      | Noticed Xeolor the pandemonium lord
 94020 | Pan      | Killed Xeolor the pandemonium lord
 94030 | Pan      | Lost mutation: You are weak. (Str -2) [Jiyva's grace]
 94073 | Pan      | Lost mutation: Your spells are harder to cast, but more
                  | powerful. [a cacodemon]
 94105 | Pan      | Gained mutation: You often lose your temper in combat. [a
                  | cacodemon]
 94125 | Pan      | Lost mutation: You often lose your temper in combat.
                  | [Jiyva's grace]
 94130 | Pan      | Lost mutation: Your flesh is heat resistant. (rF+) [potion
                  | of mutation]
 94130 | Pan      | Lost mutation: Your spells are a little harder to cast, but
                  | a little more powerful. [potion of mutation]
 94130 | Pan      | Lost mutation: You have large cloven feet. [potion of
                  | mutation]
 94130 | Pan      | Lost mutation: You tend to lose your temper in combat.
                  | [potion of mutation]
 94130 | Pan      | Gained mutation: You are dopey. (Int -2) [potion of
                  | mutation]
 94130 | Pan      | Gained mutation: You rapidly evolve. [potion of mutation]
 94130 | Pan      | Gained mutation: You are strong-willed. (Will+) [potion of
                  | mutation]
 94131 | Pan      | Lost mutation: You are frail. (-10% HP) [potion of
                  | mutation]
 94131 | Pan      | Lost mutation: You can translocate small distances at will.
                  | [potion of mutation]
 94131 | Pan      | Gained mutation: Your spells are a little harder to cast,
                  | but a little more powerful. [potion of mutation]
 94131 | Pan      | Gained mutation: Your magical capacity is low. (-10% MP)
                  | [potion of mutation]
 94131 | Pan      | Gained mutation: You have sharp toenails. [potion of
                  | mutation]
 94209 | Pan      | Found an exit through the horrors of the Abyss.
 94267 | Pan      | Found an exit through the horrors of the Abyss.
 94343 | Pan      | Noticed Quxic the pandemonium lord
 94551 | Pan      | Noticed Keranum the pandemonium lord
 94567 | Pan      | Killed Keranum the pandemonium lord
 94643 | Pan      | Gained mutation: You are frail. (-10% HP) [Jiyva's grace]
 94733 | Depths:3 | Escaped Pandemonium
 94868 | D:15     | Gained mutation: You are covered in fur. (AC +1) [Jiyva's
                  | grace]
 94984 | D:15     | Lost mutation: You are frail. (-10% HP) [Jiyva's grace]
 95243 | D:14     | Gained mutation: You expend magic power (3 MP) to
                  | strengthen your wands. [Jiyva's grace]
 95351 | D:12     | Lost mutation: You are covered in fur. (AC +1) [potion of
                  | mutation]
 95351 | D:12     | Lost mutation: You rapidly evolve. [potion of mutation]
 95351 | D:12     | Lost mutation: You expend magic power (3 MP) to strengthen
                  | your wands. [potion of mutation]
 95351 | D:12     | Lost mutation: Your magical capacity is low. (-10% MP)
                  | [potion of mutation]
 95351 | D:12     | Gained mutation: You are weak. (Str -2) [potion of
                  | mutation]
 95351 | D:12     | Lost mutation: You are dopey. (Int -2) [potion of mutation]
 95387 | D:12     | Lost mutation: You occasionally shout uncontrollably at
                  | your foes. [Jiyva's grace]
 95872 | Vaults:1 | Gained mutation: Armour fits poorly on your pseudopods.
                  | [Jiyva's grace]
 96151 | Vaults:2 | Gained mutation: You possess an exceptional clarity of
                  | mind. [Jiyva's grace]
 96209 | Vaults:2 | Lost mutation: Armour fits poorly on your pseudopods.
                  | [Jiyva's grace]
 96243 | Vaults:2 | Lost mutation: You are strong-willed. (Will+) [Jiyva's
                  | grace]
 96267 | Vaults:2 | Lost mutation: You possess an exceptional clarity of mind.
                  | [Jiyva's grace]
 96759 | Swamp:4  | Lost mutation: Your spells are a little harder to cast, but
                  | a little more powerful. [Jiyva's grace]
 97056 | Swamp:4  | Gained mutation: Armour fits poorly on your strangely
                  | shaped body. [Jiyva's grace]
 97228 | Swamp:1  | Gained mutation: Scrolls take you a little longer to read.
                  | [Jiyva's grace]
 97590 | Zig:1    | Entered Level 1 of a ziggurat
 97626 | Zig:2    | Entered Level 2 of a ziggurat
 97654 | Zig:3    | Entered Level 3 of a ziggurat
 97725 | Zig:3    | Gained mutation: Your mind is acute. (Int +2) [Jiyva's
                  | grace]
 97751 | Zig:4    | Entered Level 4 of a ziggurat
 97795 | Zig:4    | Got a transparent ivory amulet
 97798 | Zig:5    | Entered Level 5 of a ziggurat
 97800 | Zig:5    | Gained mutation: You have a small jelly attached to you
                  | that senses nearby items. [Jiyva's grace]
 97818 | Zig:6    | Entered Level 6 of a ziggurat
 97851 | Zig:6    | Gained mutation: Your mind is very acute. (Int +4) [Jiyva's
                  | grace]
 97869 | Zig:7    | Entered Level 7 of a ziggurat
 97935 | Zig:8    | Entered Level 8 of a ziggurat
 97968 | Zig:8    | Lost mutation: You have a small jelly attached to you that
                  | senses nearby items. [Jiyva's grace]
 97976 | Zig:8    | Lost mutation: You are weak. (Str -2) [Jiyva's grace]
 97978 | Zig:8    | Gained mutation: You have sharp fingernails. [Jiyva's
                  | grace]
 97992 | Zig:8    | Identified the Volume of the Compass
 97997 | Zig:8    | Identified the Tome of Freezing Beguiling
 98018 | Zig:8    | Identified the amulet "Higy" {Inacc SInv Stlth+} (You found
                  | it on level 4 of a ziggurat)
 98020 | Zig:8    | Identified the cursed +1 plate armour of Joroomiwn {Rampage
                  | rN++ MP+9 Int-5} (You found it on level 8 of a ziggurat)
 98021 | Zig:9    | Entered Level 9 of a ziggurat
 98077 | Zig:9    | Got a warped pewter ring
 98098 | Zig:9    | Identified the ring "Adghaf" {rC+ Will+ Int+4 Dex-3 SInv}
                  | (You found it on level 9 of a ziggurat)
 98100 | Zig:9    | Identified the ring "Fapitim" {*Slow rElec rF+ Will+++
                  | Stlth-} (You found it on level 9 of a ziggurat)
 98103 | Zig:9    | Gained mutation: Armour fits poorly on your pseudopods.
                  | [Jiyva's grace]
 98319 | Zig:10   | Entered Level 10 of a ziggurat
 98378 | Zig:10   | Lost mutation: Scrolls take you a little longer to read.
                  | [Jiyva's power]
 98379 | Zig:10   | Lost mutation: Armour fits poorly on your strangely shaped
                  | body. [Jiyva's power]
 98396 | Zig:10   | Lost mutation: You have sharp toenails. [Jiyva's grace]
 98398 | Zig:10   | Gained mutation: Your muscles are strong. (Str +2) [Jiyva's
                  | grace]
 98403 | Zig:10   | Lost mutation: Your mind is very acute. (Int +4) [Jiyva's
                  | grace]
 98409 | Zig:10   | Gained mutation: Your flesh is very cold resistant. (rC++)
                  | [Jiyva's grace]
 98413 | Zig:10   | Gained mutation: Your rubbery body absorbs attacks. (AC +1,
                  | EV +1) [Jiyva's grace]
 98439 | Zig:11   | Entered Level 11 of a ziggurat
 98465 | Zig:11   | Noticed a juggernaut
 98467 | Zig:11   | Noticed a juggernaut
 98475 | Zig:11   | Killed a juggernaut
 98482 | Zig:11   | Killed a juggernaut
 98490 | Zig:11   | Reached skill level 25 in Armour
 98501 | Zig:11   | Gained mutation: You do not regenerate when monsters are
                  | visible. [Jiyva's grace]
 98504 | Zig:11   | Lost mutation: Your flesh is very cold resistant. (rC++)
                  | [Jiyva's grace]
 98533 | Zig:11   | Lost mutation: You do not regenerate when monsters are
                  | visible. [Jiyva's power]
 98609 | Pan      | Entered Pandemonium
 98876 | Pan      | Lost mutation: You evolve. [Jiyva's grace]
 99059 | Pan      | Entered the realm of Lom Lobon.
 99283 | Pan      | Found an exit through the horrors of the Abyss.
 99530 | Pan      | Noticed Lom Lobon
 99571 | Pan      | Killed Lom Lobon
 99602 | Pan      | Got a magical rune of Zot
 99768 | Pan      | Noticed Ceemoann the pandemonium lord
 99778 | Pan      | Killed Ceemoann the pandemonium lord
 99829 | Pan      | Lost mutation: Your rubbery body absorbs attacks. (AC +1,
                  | EV +1) [Jiyva's grace]
100007 | Pan      | Noticed Taucowax the pandemonium lord
100066 | Pan      | Entered the realm of Cerebov.
100197 | Pan      | Gained mutation: You possess an exceptional clarity of
                  | mind. [Jiyva's grace]
100274 | Pan      | Identified the +6 sword of Cerebov {flame}
100274 | Pan      | Noticed Cerebov
100313 | Pan      | Killed Cerebov
100342 | Pan      | Got a fiery rune of Zot
100369 | Pan      | Lost mutation: Your muscles are strong. (Str +2) [Jiyva's
                  | grace]
100386 | Pan      | Gained mutation: Your flesh is very cold resistant. (rC++)
                  | [Jiyva's grace]
100411 | Pan      | Lost mutation: Armour fits poorly on your pseudopods.
                  | [Jiyva's grace]
100419 | Pan      | Identified the Disquisition on the Arsonist and Summoning
100439 | Pan      | Identified the Handbook of Evil and Ignition
100443 | Pan      | Identified Sif Muna's Volume of Enchantment
100487 | Pan      | Gained mutation: You have large cloven feet. [Jiyva's
                  | grace]
100495 | Pan      | Identified the +1 pair of gloves of Gear {Str+5} (You found
                  | it in Pandemonium)
100605 | Pan      | Found an exit through the horrors of the Abyss.
100658 | Pan      | Took an exit into the Abyss.
100658 | Abyss:1  | Escaped into the Abyss
100755 | Depths:3 | Escaped the Abyss
101088 | Tomb:1   | Entered Level 1 of the Tomb of the Ancients
101088 | Tomb:1   | Noticed Mennas
101109 | Tomb:1   | Killed Mennas
101258 | Tomb:1   | Gained mutation: Your muscles are strong. (Str +2) [Jiyva's
                  | grace]
101376 | Tomb:1   | Gained mutation: You are clumsy. (Dex -2) [Jiyva's grace]
101470 | Tomb:1   | Noticed a royal mummy
101478 | Tomb:1   | Killed a royal mummy
101536 | Tomb:1   | Noticed a royal mummy
101546 | Tomb:1   | Killed a royal mummy
101599 | Tomb:1   | Noticed a royal mummy
101607 | Tomb:1   | Killed a royal mummy
101735 | Tomb:1   | Noticed a royal mummy
101741 | Tomb:1   | Killed a royal mummy
102155 | Tomb:1   | Gained mutation: You have a beak for a mouth. [Jiyva's
                  | grace]
102161 | Tomb:2   | Noticed a royal mummy
102170 | Tomb:2   | Noticed a royal mummy
102170 | Tomb:2   | Noticed a royal mummy
102176 | Tomb:2   | Noticed a royal mummy
102180 | Tomb:2   | Killed a royal mummy
102183 | Tomb:2   | Killed a royal mummy
102190 | Tomb:2   | Killed a royal mummy
102192 | Tomb:2   | Killed a royal mummy
102516 | Tomb:1   | Noticed a royal mummy
102525 | Tomb:1   | Killed a royal mummy
102681 | Tomb:1   | Noticed a royal mummy
102690 | Tomb:1   | Killed a royal mummy
102697 | Tomb:1   | Noticed a royal mummy
102706 | Tomb:1   | Killed a royal mummy
102710 | Tomb:1   | Noticed a royal mummy
102717 | Tomb:1   | Killed a royal mummy
102725 | Tomb:1   | Noticed a royal mummy
102728 | Tomb:1   | Noticed a royal mummy
102735 | Tomb:1   | Killed a royal mummy
102739 | Tomb:1   | Killed a royal mummy
103096 | Tomb:1   | Noticed a royal mummy
103100 | Tomb:1   | Noticed a royal mummy
103107 | Tomb:1   | Killed a royal mummy
103109 | Tomb:1   | Killed a royal mummy
103114 | Tomb:1   | Noticed a royal mummy
103121 | Tomb:1   | Killed a royal mummy
103393 | Tomb:1   | Noticed a royal mummy
103403 | Tomb:1   | Killed a royal mummy
103410 | Tomb:1   | Noticed a royal mummy
103423 | Tomb:1   | Killed a royal mummy
103465 | Tomb:1   | Noticed a royal mummy
103488 | Tomb:1   | Killed a royal mummy
103542 | Tomb:1   | Gained mutation: You are very clumsy. (Dex -4) [mutagenic
                  | glow]
103578 | Tomb:1   | Gained mutation: Your spells are a little easier to cast,
                  | but a little less powerful. [mutagenic glow]
103584 | Tomb:1   | Lost mutation: You are very clumsy. (Dex -4) [Jiyva's
                  | power]
103586 | Tomb:1   | Lost mutation: Your spells are a little easier to cast, but
                  | a little less powerful. [Jiyva's power]
103916 | Tomb:2   | Lost mutation: You possess an exceptional clarity of mind.
                  | [mutagenic glow]
103931 | Tomb:2   | Gained mutation: Your magical capacity is low. (-10% MP)
                  | [mutagenic glow]
103935 | Tomb:2   | HP: 10/224 [mummy priest/divine providence (13)]
103957 | Tomb:2   | Gained mutation: You tend to lose your temper in combat.
                  | [mutagenic glow]
104815 | Tomb:2   | Lost mutation: Your magical capacity is low. (-10% MP)
                  | [Jiyva's power]
104896 | Tomb:3   | Entered Level 3 of the Tomb of the Ancients
105033 | Tomb:3   | Noticed an ancient lich
105042 | Tomb:3   | Killed an ancient lich
105047 | Tomb:3   | Noticed a royal mummy
105056 | Tomb:3   | Noticed a royal mummy
105059 | Tomb:3   | Noticed a royal mummy
105061 | Tomb:3   | Killed a royal mummy
105065 | Tomb:3   | Noticed a royal mummy
105076 | Tomb:3   | Killed a royal mummy
105081 | Tomb:3   | Noticed a royal mummy
105085 | Tomb:3   | Noticed a royal mummy
105086 | Tomb:3   | Killed a royal mummy
105088 | Tomb:3   | Identified the +6 trident "Omis" {elec, +Fly rC+ Dex+4
                  | Stlth-}
105088 | Tomb:3   | Noticed a royal mummy
105092 | Tomb:3   | Killed a royal mummy
105107 | Tomb:3   | Got a golden rune of Zot
105128 | Tomb:3   | Killed a royal mummy
105137 | Tomb:3   | Killed a royal mummy
105167 | Tomb:3   | Killed a royal mummy
105326 | Tomb:3   | Gained mutation: You are covered in slimy tendrils that may
                  | disarm your opponents. [Jiyva's grace]
105341 | Tomb:3   | Lost mutation: Your mind is acute. (Int +2) [Jiyva's grace]
105347 | Tomb:3   | Lost mutation: You tend to lose your temper in combat.
                  | [Jiyva's grace]
105358 | Tomb:3   | Gained mutation: You can translocate small distances at
                  | will. [Jiyva's grace]
105369 | Tomb:3   | Lost mutation: You are clumsy. (Dex -2) [Jiyva's grace]
105375 | Tomb:3   | Gained mutation: You have a small jelly attached to you
                  | that may absorb incoming projectiles. [Jiyva's grace]
105390 | Tomb:3   | Gained mutation: You expend magic power (3 MP) to
                  | strengthen your wands. [Jiyva's grace]
105421 | Tomb:3   | Got a clouded lead ring
106466 | Zot:5    | Noticed an ancient lich
106483 | Zot:5    | Killed an ancient lich
106514 | Zot:5    | Noticed an orb of fire
106551 | Zot:5    | Noticed an orb of fire
106569 | Zot:5    | Killed an orb of fire
106573 | Zot:5    | Noticed an orb of fire
106589 | Zot:5    | Killed an orb of fire
106632 | Zot:5    | Killed an orb of fire
106662 | Zot:5    | Noticed an ancient lich
106689 | Zot:5    | Killed an ancient lich
106942 | Zot:5    | Noticed an orb of fire
106942 | Zot:5    | Noticed an orb of fire
106950 | Zot:5    | Lost mutation: You are covered in slimy tendrils that may
                  | disarm your opponents. [Jiyva's grace]
106951 | Zot:5    | Lost mutation: Your muscles are strong. (Str +2) [an orb of
                  | fire]
106953 | Zot:5    | Noticed an orb of fire
106953 | Zot:5    | Gained mutation: You are dopey. (Int -2) [an orb of fire]
106955 | Zot:5    | Killed an orb of fire
106961 | Zot:5    | Gained mutation: You tend to lose your temper in combat.
                  | [an orb of fire]
106963 | Zot:5    | Gained mutation: You are frail. (-10% HP) [an orb of fire]
106964 | Zot:5    | Gained mutation: You are very frail. (-20% HP) [an orb of
                  | fire]
106965 | Zot:5    | Killed an orb of fire
106968 | Zot:5    | Killed an orb of fire
106984 | Zot:5    | Lost mutation: You tend to lose your temper in combat.
                  | [Jiyva's grace]
107020 | Zot:5    | Noticed an orb of fire
107024 | Zot:5    | Noticed an orb of fire
107024 | Zot:5    | Noticed an ancient lich
107028 | Zot:5    | Killed an orb of fire
107030 | Zot:5    | Gained mutation: You are weak. (Str -2) [an orb of fire]
107033 | Zot:5    | Gained mutation: You do not regenerate when monsters are
                  | visible. [an orb of fire]
107037 | Zot:5    | Gained mutation: Scrolls take you a little longer to read.
                  | [an orb of fire]
107038 | Zot:5    | Killed an orb of fire
107040 | Zot:5    | Killed an ancient lich
107042 | Zot:5    | Noticed an ancient lich
107044 | Zot:5    | Lost mutation: You are weak. (Str -2) [Jiyva's grace]
107048 | Zot:5    | Lost mutation: Scrolls take you a little longer to read.
                  | [Jiyva's power]
107094 | Zot:5    | Killed an ancient lich
107103 | Zot:5    | Lost mutation: You are very frail. (-20% HP) [Jiyva's
                  | power]
107104 | Zot:5    | Lost mutation: You are frail. (-10% HP) [Jiyva's power]
107105 | Zot:5    | Lost mutation: You are dopey. (Int -2) [Jiyva's power]
107106 | Zot:5    | Lost mutation: You do not regenerate when monsters are
                  | visible. [Jiyva's power]
107397 | Zot:5    | Lost mutation: You expend magic power (3 MP) to strengthen
                  | your wands. [Jiyva's grace]
107447 | Zot:5    | Got the Orb of Zot
107456 | Zot:5    | Noticed an orb of fire
107458 | Zot:5    | Gained mutation: Your magical capacity is low. (-10% MP)
                  | [an orb of fire]
107467 | Zot:5    | Killed an orb of fire
107831 | D:11     | Noticed Qacwiset the pandemonium lord
107838 | D:11     | Killed Qacwiset the pandemonium lord
107984 | D:$      | Escaped with the Orb!

Illustrated notes

Levels and vault maps discovered:
D:1:      dpeg_arrival_water_temple_mockup, layout_basic
D:2:      layout_loops_ring, nemelex_xobeh_ov_fountains_minmay,
          lemuel_round_altar, minmay_misc_feat_secret_circle
D:3:      layout_basic, lemuel_round_altar, chequers_ecumenical_altar_twisty,
          kennysheep_crisscross, lemuel_old_faithful
D:4:      layout_basic, kennysheep_slug_shrine, serial_shops,
          nicolae_shop_trees, shop, shop, guppyfry_early_orc_mine
D:5:      layout_rooms, hangedman_abyss_or_decor_stagger, dk_rats_in_the_wall,
          uniq_ijyb, uniq_pikel
D:6:      layout_basic, lightli_temple_of_fire,
          minmay_temple_entry_drinking_statues, minivault_14, uniq_duvessa,
          uniq_prince_ribbit1
D:7:      layout_basic, grunt_temple_overflow_order_and_chaos_1,
          lemuel_oklob_altar, uniq_menkaure, uniq_harold
D:8:      layout_basic, fedhas_altar_4, serial_shops, shop
D:9:      layout_rooms, grunt_gozag_statues, grunt_temple_overflow_open,
          david_lair_shrubbed
D:10:     layout_cave_pools, serial_shops, shop_fountains
D:11:     layout_roguey, minmay_orc_entry_temple_small, serial_shops,
          bzr_entry_dummy, minmay_misc_feat_square
D:12:     layout_basic, nicolae_elemental_shop
D:13:     layout_loops_ring, serial_shops, kennysheep_mini,
          minmay_protected_statue
D:14:     layout_rooms, david_vaults_1, basic_altar,
          ploomutoo_gammafunk_ghost_potion_laboratory, drop_trap,
          minmay_statue_bubble
D:15:     grunt_enter_depths_giant_problem, layout_stronghold, minmay_microvault
Temple:   jpeg_temple_island
Lair:1:   layout_chaotic_city, serial_rivers, chequers_serial_rivers_small_b,
          chequers_serial_rivers_micro_b, chequers_serial_rivers_micro_b,
          chequers_serial_rivers_marsh, chequers_serial_rivers_micro_d,
          grunt_megastairs_2, infiniplex_staircase_pool_2
Lair:2:   layout_regular_city, chequers_serial_rivers_small_3, lemuel_fruit_tree
Lair:3:   layout_regular_city, spider_nest_entry_webs,
          gammafunk_ghost_wrathful_warriors, lemuel_fruit_fields
Lair:4:   layout_loops_ring, minmay_swamp_entry_swarm,
          chequers_serial_rivers_micro_d
Lair:5:   layout_hall_layers, beast_lair_carwin_5, infiniplex_staircase_pool,
          serial_bayou_shore_a
Lair:6:   cheibrodos_lair_end_hotspot, layout_regular_city, slime_altar_1,
          minmay_hedge_maze, uniq_sonja
Swamp:1:  layout_basic_swamp, nicolae_swamp_dense_foliage, uniq_aizul,
          uniq_josephine
Swamp:2:  layout_falls_marsh, evilmike_swamp_ruin_house_3
Swamp:3:  cheibrodos_swamp_tower_of_moss, layout_basic_swamp,
          nicolae_swamp_godswood
Swamp:4:  swamp_basic_johnstein, layout_basic_swamp
Spider:1: layout_spider_delve
Spider:2: layout_spider_delve, hangedman_spider_tarantella_strand
Spider:3: layout_spider_delve
Spider:4: spider_rune_water, gammafunk_ghost_berserking_beasts
Slime:1:  layout_caves, cheibrodos_slime_lost_civilization_5
Slime:2:  layout_caves, amcnicky_altar_lugonu_corruption
Slime:3:  layout_caves, nicolae_slime_round_cave
Slime:4:  layout_caves
Slime:5
Orc:1:    orc_temple, layout_caves, basic_altar, uniq_erolcha
Orc:2:    st_orc_town, layout_caves, serial_shops, nicolae_shop_crystal
Elf:1:    layout_gridlike, enter_trove_5, serial_shops,
          nicolae_shop_statue_plus, hangedman_elf_represent, uniq_frances,
          uniq_agnes, uniq_azrael, uniq_donald
Elf:2:    layout_geoelf_diagonals, serial_shops, shop,
          nicolae_shop_temple_entry_statues_fountains, nicolae_shop_trees, shop
Elf:3:    nooodl_elf_gasket, layout_geoelf_octagon, minmay_shop_grid_forest
Vaults:1: v_rooms_6, nicolae_vaults_theta,
          vaults_standard_mumra_enter_the_diamond, nicolae_vaults_theta,
          hangedman_vaults_maws, v_pattern_1, nicolae_vaults_border_crossing,
          hangedman_vaults_maws, v_misc_14, vaults_dpeg_encased_lava,
          vaults_room_large_hall, vaults_room_hallway, v_misc_16,
          layout_vaults_omnicross, serial_shops, nicolae_shop_waterfront
Vaults:2: vaults_room_pools, v_misc_11, hangedman_vaults_locks,
          vaults_room_hallway, hangedman_vaults_slice, grunt_vaults_twisty,
          v_misc_25, v_misc_32, v_misc_25, vaults_room_corners,
          ontoclasm_vaults_hangar, nicolae_vaults_little_squares_3,
          layout_vaults_big_room
Vaults:3: nicolae_vaults_three_branches, vaults_standard_mumra_lines,
          grunt_vaults_diagonal, minmay_crypt_entry_nasty_monster,
          ontoclasm_vaults_ring_small, v_misc_14, vaults_room_corners,
          vaults_mumra_chevron, st_hourglassy, vaults_dpeg_doors, v_misc_31,
          vaults_room_door_ring, layout_vaults_maze_bifur, serial_shops,
          nicolae_shop_overgrown_old_shop, uniq_asterion
Vaults:4: gammafunk_vaults_ghost_fury_of_okawaru, v_pattern_3,
          nicolae_vaults_asterisk, nicolae_vaults_mini_display_case, v_rooms_2,
          grunt_vaults_trifunnel, vaults_room_hangedman_quadrants, v_misc_9,
          ontoclasm_vaults_ring_square, vaults_mumra_lcd,
          hangedman_vaults_capsules, nicolae_vaults_bisected_slash,
          vaults_room_stairs_pillars, layout_vaults_omnibox, basic_altar
Vaults:5: serial_shops, uniq_margery, uniq_jory
Crypt:1:  layout_misc_corridors, gammafunk_ghost_grave, basic_altar,
          pandoras_box_mu, uniq_mara
Crypt:2:  layout_chaotic_city, uniq_saint_roka, uniq_sojobo
Crypt:3:  cryptofortress_bobbens
Tomb:1:   uniq_mennas
Tomb:2
Tomb:3
Depths:1: layout_cave_shapes, grunt_hell_entry_dis_grunt,
          chequers_serial_rivers_small_3, kennysheep_generic_room_14
Depths:2: minmay_tearing_corner, layout_honeycomb, hellmouth_3, serial_shops,
          bzr_entry_dummy, serial_sigils_hangedman_quiver, st_stairs_9,
          minmay_tree_intersection, evilmike_ruin_ashenzari
Depths:3: minmay_the_grid_octo_tiled_squarecenter_mashed
          [minmay_the_grid_octo_thin_diamonds, minmay_the_grid_octo_concentric,
          minmay_the_grid_octo_checkerflower, minmay_the_grid_octo_horde,
          minmay_the_grid_square_5x5_megaprize_checkered,
          minmay_the_grid_square_5x5_two_small, minmay_the_grid_square_5x5_c,
          minmay_the_grid_square_5x5_three, minmay_the_grid_square_5x5_dogpile],
          layout_gridlike, enter_ziggurat_f, hell_entry, rand_demon_pan_entry_1,
          minmay_misc_feat_iff, evilmike_butchery, minmay_staircase_statues,
          firewood_loft
Depths:4: hangedman_slaughterboxes, abyss_entry, hell_entry
Depths:5: grunt_zot_entry_gee_three, layout_basic, hell_entry
Hell
Dis:1:    layout_regular_city
Dis:2:    layout_gridville, grunt_megastairs_1
Dis:3:    layout_jigsaw, door_vault
Dis:4:    layout_subdivisions
Dis:5:    layout_chaotic_city
Dis:6:    layout_overlapping_boxes, grunt_megastairs_5
Dis:7:    iron_city_of_dis [dis_mu, dis_wall_5], layout_chaotic_city
Geh:1:    layout_gehenna_lava_caves
Geh:2:    layout_gehenna_pools_basic
Geh:3:    layout_gehenna_lava_caves, lemuel_flamethrower_2
Geh:4:    layout_gehenna_pools_basic, lemuel_elevator
Geh:5:    layout_gehenna_lava_caves
Geh:6:    layout_gehenna_pools_basic
Geh:7:    geh_old
Coc:1:    layout_ice_bergs
Coc:2:    layout_ice_bergs
Coc:3:    layout_cocytus_water_paths
Coc:4:    layout_ice_bergs
Coc:5:    layout_cocytus_water_paths
Coc:6:    layout_ice_bergs
Coc:7:    coc_grunt
Tar:1:    layout_grid_maze
Tar:2:    layout_grid_maze
Tar:3:    layout_catacombs, nicolae_tar_cuneiform_bread, lemuel_elevator
Tar:4:    layout_cathedral_of_symmetry, nicolae_tar_cuneiform_to_be,
          nicolae_tar_cuneiform_two
Tar:5:    layout_honeycomb
Tar:6:    layout_cathedral_of_symmetry
Tar:7:    tar_grunt_cathedral
Zot:1:    minmay_elemental_castle, layout_misc_corridors
Zot:2:    hangedman_zot_vaults_quadrants, layout_onion_interference
Zot:3:    layout_basic
Zot:4:    layout_cellular_growth, st_stairs_7, zot_minivault_2
Zot:5:    layout_concentric_octagons

Skill      XL: |  1  2  3  4  5  6  7  8  9 10 11 12 13 14 15 16 17 18 19 20 21 22 23 24 25 26 27 |
---------------+----------------------------------------------------------------------------------+-----
Throwing       | 2 3 5 7 8 10 12 13 14 15 16 | 16.0
Axes           | 3 4 6 7 9 11 13 14 15 16 20 | 20.0
Shields        | 1 2 3 4 5 10 13 16 21 | 21.1
Necromancy     | 4 6 8 10 11 13 15 17 22 | 22.8
Armour         | 2 5 8 12 13 14 17 18 19 25 | 25.0
Fighting       | 3 6 8 10 13 15 16 18 20 | 20.0
Dodging        | 5 7 10 11 13 14 20 | 20.0
Invocations    | 10 | 10.0
Evocations     | 5 6 |  6.0
Spellcasting   | 5 8 10 11 12 22 | 22.1
Transmutations | 4 8 10 18 | 18.7
Hexes          | 3 6 8 10 22 | 22.1
Air Magic      | 2 5 7 9 21 | 21.2

Action                   |  1- 3 |  4- 6 |  7- 9 | 10-12 | 13-15 | 16-18 | 19-21 | 22-24 | 25-27 || total
-------------------------+-------+-------+-------+-------+-------+-------+-------+-------+-------++-------
Melee: War axe           |    98 |   131 |   174 |   539 |   754 |   835 |   935 |   967 |  1112 ||  5545
       Broad axe         |       |       |       |    46 |   137 |   245 |       |     9 |  4939 ||  5376
       Headbutt          |       |       |       |       |   338 |   313 |   380 |   372 |  1869 ||  3272
       Bite              |       |       |       |       |       |       |       |    93 |   365 ||   458
       Pseudopods        |       |       |       |       |       |       |       |     4 |   396 ||   400
       Peck              |       |       |       |       |       |       |       |       |   144 ||   144
Throw: Boomerang         |       |    26 |    10 |     2 |       |       |       |       |       ||    38
       Dart              |       |       |    13 |     4 |       |       |       |       |       ||    17
       Javelin           |       |       |       |    17 |    38 |    44 |    26 |    62 |   117 ||   304
       Throwing net      |       |       |       |     1 |       |       |       |     1 |     1 ||     3
 Cast: Silence           |       |       |       |       |       |       |       |       |    16 ||    16
Invok: Heroism           |       |       |     3 |     3 |     6 |     6 |     3 |       |       ||    21
       Finesse           |       |       |       |       |     1 |     4 |     1 |       |       ||     6
       Request Jelly     |       |       |       |       |       |       |       |     3 |    81 ||    84
       Cure Bad Mutation |       |       |       |       |       |       |       |     3 |    26 ||    29
 Abil: Evoke Flight      |       |       |       |       |       |       |       |       |     2 ||     2
Evoke: Wand              |       |     4 |       |     9 |     4 |     2 |       |     1 |    13 ||    33
  Use: Scroll            |       |     5 |     9 |     9 |    10 |    10 |     1 |     4 |    54 ||   102
       Potion            |       |       |       |     1 |     6 |    11 |       |     2 |    61 ||    81
 Stab: Sleeping          |       |       |       |     1 |     3 |     1 |       |       |       ||     5
       Distracted        |       |       |       |       |       |     1 |       |       |    12 ||    13
       Confused          |       |       |       |       |       |       |       |     1 |    23 ||    24
       Invisible         |       |       |       |       |       |       |       |       |     8 ||     8
Armor: Ring mail         |    47 |    45 |    34 |    97 |   160 |   319 |       |       |       ||   702
       Plate armour      |       |       |       |       |       |     1 |   178 |    89 |       ||   268
       Gold dragon scale |       |       |       |       |       |       |       |   153 |  2862 ||  3015
       Skin              |       |       |       |       |       |       |       |       |    34 ||    34
Dodge: Dodged            |    62 |    67 |    75 |   159 |   348 |   466 |   241 |   282 |  2031 ||  3731
Block: Buckler           |    18 |    62 |   165 |   418 |   551 |       |       |       |       ||  1214
       Reflection        |       |     3 |     6 |    16 |    46 |    43 |   149 |   192 |   210 ||   665
       Kite shield       |       |       |       |       |    87 |  1296 |   967 |  1121 |  6497 ||  9968
       Tower shield      |       |       |       |       |       |       |       |       |  2126 ||  2126
